 Dungeon Crawl Stone Soup version 0.24-a0-584-g9d6b971ae4 (webtiles) character file.

Game seed: 10981887357041670875, levelgen mode: deterministic

778327 DEFE the Wrestler (level 27, -11/258 HPs)
             Began as a Yellow Draconian Fighter on Aug 29, 2019.
             Was the Champion of Okawaru.
             Killed from afar by Antaeus (36 damage)
             ... with a flash freeze
             ... on level 7 of Cocytus.
             The game lasted 02:59:59 (68219 turns).

DEFE the Wrestler (Yellow Draconian Fighter)       Turns: 68219, Time: 03:00:00

Health: -11/258    AC: 18    Str: 32      XL:     27
Magic:  29/37      EV: 25    Int: 13      God:    Okawaru [******]
Gold:   3657       SH: 20    Dex: 10 (11) Spells: 37/46 levels left

rFire    + + +     SeeInvis +     - Unarmed
rCold    + + +     Gourm    .   e - +3 shield of Tender Moments {Int+3}
rNeg     + + .     Faith    .   (armour unavailable)
rPois    +         Spirit   .   F - +0 hat "Delanala" {rF+ Stlth+}
rElec    .         Reflect  .   D - scarf {rC+ rF+}
rCorr    +         Harm     .   X - +2 pair of gloves "Roleuseqa" {*Drain rF++ Regen+ rCorr}
MR       ++++.                  m - +1 pair of boots "Jialafat" {rPois MR+}
Stlth    ++........             V - amulet "Zulegah" {rN+ Regen+ Str-3 Slay+5}
HPRegen  2.33/turn              p - ring of see invisible
MPRegen  0.25/turn              P - ring "Wueps" {rC++ rN+ MR+}

@: mighty, heroism, finesse, marked, flying, contaminated, regenerating
(expiring), glowing
A: spit acid, unfitting armour, big wings, deterioration 1, dopey 1, strong 1,
acidic bite, cold-blooded, acid resistance, AC +13
}: 4/15 runes: decaying, serpentine, silver, bone
a: Breathe Acid, Stop Flying, Heroism, Finesse, Renounce Religion


You were on level 7 of Cocytus.
You worshipped Okawaru.
Okawaru was exalted by your worship.
You were full.

You visited 13 branches of the dungeon, and saw 67 of its levels.
You visited 1 bazaar.
You visited 1 ziggurat, and saw 15 of its levels.
You also visited: Trove, Ossuary, Gauntlet and Ice Cave.

You collected 11057 gold pieces.
You spent 7400 gold pieces at shops.

Inventory:

Hand Weapons
 a - the +8 demon blade "Leech" {vamp, rN+ AC-3 EV-3}
   (You found it on level 6 of the Dungeon)

   It inflicts no extra harm, but heals its wielder when it wounds a living foe.
   It affects your AC (-3).
   It affects your evasion (-3).
   It protects you from negative energy.
Missiles
 M - 4 throwing nets
 U - 37 curare-tipped darts (quivered)
Armour
 e - the +3 shield of Tender Moments (worn) {Int+3}
   (You acquired it in a bazaar)

   It affects your intelligence (+3).
 f - the +1 shield of Qaaky {rElec Int+5}
   (Okawaru gifted it to you on level 1 of the Swamp)

   It affects your intelligence (+5).
   It insulates you from electricity.
 m - the +1 pair of boots "Jialafat" (worn) {rPois MR+}
   (Okawaru gifted it to you on level 2 of the Depths)

   It protects you from poison.
   It affects your resistance to hostile enchantments.
 r - the +3 hat of Pondering {ponderous, MR+ MP+10 Int+5}
   (Okawaru gifted it to you on level 4 of the Snake Pit)

   It affects your intelligence (+5).
   It affects your resistance to hostile enchantments.
   It affects your magic capacity (+10).
 z - a scarf of cloud immunity
 C - the +1 hat "Ylarod" {rC+}
   (Okawaru gifted it to you on level 1 of the Snake Pit)

   It protects you from cold.
 D - a scarf of resistance (worn)
 F - the +0 hat "Delanala" (worn) {rF+ Stlth+}
   (Okawaru gifted it to you on level 3 of the Elven Halls)

   It protects you from fire.
   It makes you more stealthy.
 X - the +2 pair of gloves "Roleuseqa" (worn) {*Drain rF++ Regen+ rCorr}
   (Okawaru gifted it to you on level 2 of the Crypt)

   It greatly protects you from fire.
   It increases your rate of regeneration.
   It provides partial protection from all sources of acid and corrosion.
   It causes draining when unequipped.
Jewellery
 p - a ring of see invisible (left hand)
 K - the ring "Biockab" {MR+ Str+3 Dex+4}
   (You found it in a treasure trove)

   [ring of protection from magic]

   It affects your strength (+3).
   It affects your dexterity (+4).
   It affects your resistance to hostile enchantments.
 P - the ring "Wueps" (right hand) {rC++ rN+ MR+}
   (You bought it in a shop on level 1 of the Depths)

   [ring of protection from magic]

   It greatly protects you from cold.
   It protects you from negative energy.
   It affects your resistance to hostile enchantments.
 R - the ring of Fanaticism {AC+1 Slay+6}
   (You found it on level 11 of a ziggurat)

   [ring of protection]

   It affects your AC (+1).
   It affects your accuracy and damage with ranged weapons and melee attacks
   (+6).
 V - the amulet "Zulegah" (around neck) {rN+ Regen+ Str-3 Slay+5}
   (You found it in a treasure trove)

   [amulet of regeneration]

   It affects your strength (-3).
   It affects your accuracy and damage with ranged weapons and melee attacks
   (+5).
   It protects you from negative energy.
   It increases your rate of regeneration.
 W - the ring "Josoiqul" {rElec rPois Str+3 Slay+2}
   (You took it off an orc warrior on level 2 of the Depths)

   [ring of strength]

   It affects your strength (+3).
   It affects your accuracy and damage with ranged weapons and melee attacks
   (+2).
   It insulates you from electricity.
   It protects you from poison.
Wands
 y - a wand of scattershot (5)
 E - a wand of clouds (3)
 G - a wand of acid (51)
 H - a wand of polymorph (11)
 Y - a wand of iceblast (98)
Scrolls
 b - 2 scrolls of brand weapon
 g - 19 scrolls of identify
 j - 11 scrolls of immolation
 n - 29 scrolls of teleportation
 q - 18 scrolls of enchant weapon
 v - 27 scrolls of remove curse
 w - 6 scrolls of blinking
 I - 7 scrolls of holy word
 J - 11 scrolls of magic mapping
 Q - 15 scrolls of enchant armour
 S - 3 scrolls of summoning
 T - 2 scrolls of silence
 Z - 7 scrolls of fog
Potions
 c - 8 potions of flight
 h - 23 potions of lignification
 i - 3 potions of invisibility
 k - 9 potions of haste
 l - 25 potions of curing
 o - 3 potions of berserk rage
 s - 4 potions of cancellation
 t - 14 potions of brilliance
 u - 10 potions of mutation
 x - 10 potions of might
 A - 5 potions of magic
 B - a potion of agility
 L - 3 potions of resistance
 N - 4 potions of heal wounds
Miscellaneous
 O - a phial of floods
Comestibles
 d - 39 rations


   Skills:
 + Level 23.1(27) Fighting
 - Level 17.3(22.3) Long Blades
 + Level 20.1(25.1) Dodging
 - Level 16.2(21.2) Shields
 - Level 23.1(27) Unarmed Combat
 - Level 10.0 Spellcasting
 + Level 12.9 Charms
 + Level 13.9 Necromancy
 - Level 17.7 Transmutations
 - Level 17.7 Earth Magic
 - Level 12.0 Invocations


You had 37 spell levels left.
You knew the following spells:

 Your Spells              Type           Power        Failure   Level  Hunger
a - Statue Form           Tmut/Erth      ######...    1%          6    ######.
b - Regeneration          Chrm/Necr      #####.....   1%          3    #......

Your spell library contained the following spells:

 Spells                   Type           Power        Failure   Level  Hunger
 Beastly Appendage        Tmut           ######       0%          1    None
 Sandblast                Erth           ######       0%          1    None
 Passwall                 Tmut/Erth      ######..     0%          2    None
 Sticks to Snakes         Tmut           ######..     0%          2    None
 Animate Skeleton         Necr           N/A          1%          1    None
 Infusion                 Chrm           ####         1%          1    None
 Pain                     Necr           ####         1%          1    None
 Corpse Rot               Necr           N/A          1%          2    None
 Shroud of Golubria       Chrm/Tloc      ###...       1%          2    None
 Song of Slaying          Chrm           #####...     1%          2    None
 Sublimation of Blood     Necr           #####.....   1%          2    None
 Swiftness                Chrm/Air       ###.....     1%          2    None
 Spider Form              Tmut/Pois      ####......   1%          3    #......
 Stone Arrow              Conj/Erth      ####..       1%          3    #......
 Vampiric Draining        Necr           #####.....   1%          3    #......
 Animate Dead             Necr           N/A          1%          4    ###....
 Petrify                  Tmut/Erth      ######..     1%          4    ###....
 Agony                    Necr           #####...     1%          5    #####..
 Blade Hands              Tmut           ######....   1%          5    #####..
 Borgnjor's Vile Clutch   Necr/Erth      #####.....   1%          5    #####..
 Dispel Undead            Necr           #####...     1%          5    #####..
 Excruciating Wounds      Chrm/Necr      #####.....   1%          5    #####..
 Lee's Rapid Deconstruct  Erth           ######....   1%          5    #####..
 Hydra Form               Tmut           ######....   1%          6    ######.
 Ozocubu's Armour         Chrm/Ice       ###.....     2%          3    #......
 Spectral Weapon          Hex/Chrm       ###.....     2%          3    #......
 Ice Form                 Ice/Tmut       ####....     3%          4    ###....
 Leda's Liquefaction      Hex/Erth       ####......   3%          4    ###....
 Death Channel            Necr           #####.....   5%          6    ######.
 Dragon Form              Tmut           ######....   7%          7    #######
 Alistair's Intoxication  Tmut/Pois      ####....     9%          5    #####..
 Irradiate                Conj/Tmut      ####......   9%          5    #####..
 Yara's Violent Unravell  Hex/Tmut       ####......   9%          5    #####..
 Apportation              Tloc           #.....       11%         1    None
 Confusing Touch          Hex            #.....       11%         1    None
 Corona                   Hex            #......      11%         1    None
 Flame Tongue             Conj/Fire      #....        11%         1    None
 Freeze                   Ice            #...         11%         1    None
 Magic Dart               Conj           #...         11%         1    None
 Shock                    Conj/Air       #...         11%         1    None
 Sting                    Conj/Pois      #...         11%         1    None
 Summon Butterflies       Summ           #.......     11%         1    None
 Summon Small Mammal      Summ           #...         11%         1    None
 Blink                    Tloc           N/A          17%         2    None
 Call Imp                 Summ           #.......     17%         2    None
 Ensorcelled Hibernation  Hex/Ice        #.....       17%         2    None
 Poisonous Vapours        Pois/Air       #.....       17%         2    None
 Searing Ray              Conj           #.....       17%         2    None
 Slow                     Hex            #.......     17%         2    None
 Throw Flame              Conj/Fire      #.....       17%         2    None
 Throw Frost              Conj/Ice       #.....       17%         2    None
 Bolt of Draining         Conj/Necr      ###.......   19%         5    #####..
 Iskenderun's Battlesphe  Conj/Chrm      ###.....     22%         5    #####..
 Bolt of Magma            Conj/Fire/Erth ###.......   28%         5    #####..
 Call Canine Familiar     Summ           #.......     32%         3    #......
 Confuse                  Hex            #.......     32%         3    #......
 Conjure Flame            Conj/Fire      #.......     32%         3    #......
 Dazzling Spray           Conj/Hex       #.....       32%         3    #......
 Gell's Gravitas          Tloc           #.........   32%         3    #......
 Inner Flame              Hex/Fire       #.......     32%         3    #......
 Lesser Beckoning         Tloc           #.........   32%         3    #......
 Mephitic Cloud           Conj/Pois/Air  #.......     32%         3    #......
 Portal Projectile        Hex/Tloc       #.....       32%         3    #......
 Recall                   Summ/Tloc      N/A          32%         3    #......
 Static Discharge         Conj/Air       #.......     32%         3    #......
 Summon Guardian Golem    Hex/Summ       #.......     32%         3    #......
 Tukima's Dance           Hex            #.......     32%         3    #......
 Iron Shot                Conj/Erth      ####......   41%         6    ######.
 Simulacrum               Ice/Necr       ###.......   69%         6    ######.
 Airstrike                Air            #.........   73%         4    ###....
 Cause Fear               Hex            #.........   73%         4    ###....
 Force Lance              Conj/Tloc      #.......     73%         4    ###....
 Fulminant Prism          Conj/Hex       #.........   73%         4    ###....
 Iskenderun's Mystic Bla  Conj           #.......     73%         4    ###....
 Olgreb's Toxic Radiance  Pois           #.......     73%         4    ###....
 Passage of Golubria      Tloc           N/A          73%         4    ###....
 Sticky Flame             Conj/Fire      #.......     73%         4    ###....
 Summon Ice Beast         Ice/Summ       #.......     73%         4    ###....
 Summon Lightning Spire   Summ/Air       #.......     73%         4    ###....
 Throw Icicle             Conj/Ice       #.......     73%         4    ###....
 Necromutation            Tmut/Necr      #####.....   73%         8    #######
 Deflect Missiles         Chrm/Air       ###.......   77%         6    ######.
 Borgnjor's Revivificati  Necr           #####.....   94%         8    #######
 Infestation              Necr           #####.....   94%         8    #######
 Death's Door             Chrm/Necr      #####.....   96%         8    #######
 Fireball                 Conj/Fire      #.........   97%         5    #####..
 Lightning Bolt           Conj/Air       #.........   97%         5    #####..
 Metabolic Englaciation   Hex/Ice        #.........   97%         5    #####..
 Silence                  Hex/Air        #.........   97%         5    #####..
 Summon Forest            Summ/Tloc      #.........   97%         5    #####..
 Summon Mana Viper        Hex/Summ       #.......     97%         5    #####..
 Venom Bolt               Conj/Pois      #.........   97%         5    #####..
 Haunt                    Necr/Summ      ###.......   99%         7    #######
 Bolt of Cold             Conj/Ice       #.........   100%        6    ######.
 Bolt of Fire             Conj/Fire      #.........   100%        6    ######.
 Conjure Ball Lightning   Conj/Air       #.........   100%        6    ######.
 Darkness                 Hex            #.........   100%        6    ######.
 Freezing Cloud           Conj/Ice/Air   #.........   100%        6    ######.
 Invisibility             Hex            #.......     100%        6    ######.
 Ozocubu's Refrigeration  Ice            #.........   100%        6    ######.
 Shadow Creatures         Summ           N/A          100%        6    ######.
 Orb of Destruction       Conj           #.........   100%        7    #######
 Spellforged Servitor     Conj/Summ      #.........   100%        7    #######
 Summon Hydra             Summ           #.........   100%        7    #######
 Shatter                  Erth           ######....   100%        9    #######
 Tornado                  Air            #.........   100%        9    #######


Dungeon Overview and Level Annotations

Branches:
Dungeon (15/15)            Temple (0/1) D:4            Lair (6/6) D:8
  Swamp (4/4) Lair:2        Snake (4/4) Lair:3        Slime (0/5) Lair:6
    Orc (2/2) D:9             Elf (3/3) Orc:2        Vaults (5/5) D:14
  Crypt (3/3) Vaults:3       Tomb (0/3) Crypt:3      Depths (5/5) D:15
   Hell (visited)             Dis (0/7) Hell            Geh (0/7) Hell
    Coc (7/7) Hell            Tar (7/7) Hell            Zot (5/5) Depths:5
Ossuary (visited)           IceCv (visited)         Gauntlet (visited)

Altars:
Ashenzari
Elyvilon
Fedhas
Gozag
Hepliaklqana
Kikubaaqudgha
Makhleb
Okawaru
Qazlal
Ru
Trog
Wu Jian
Yredelemnul
Zin
The Shining One
Beogh
Lugonu

Shops:
D:2 *   D:4 =   D:10 }   Orc:1 %   Orc:2 (**[   Elf:1 (   Elf:3 (
Snake:2 *(((   Snake:3 *}(   Snake:4 [[((   Vaults:2 }}[   Vaults:3 **[?(
Vaults:4 =(=*[   Depths:1 %}==*=

Portals:
Hell: Depths:1 Depths:2 Depths:3 Depths:4 Depths:5
Abyss: Depths:2 Depths:4 Depths:5
Pandemonium: Depths:3 Depths:5

Annotations:
D:7 exclusion: electric eel
Swamp:2 1 runed translucent door, exclusion: Roxanne, Gulofos's ghost, adept HaHu; Roxanne
Elf:2 3 runed translucent doors
Coc:7 exclusion: 2 ice statues, Antaeus
Zot:4 3 runed translucent doors, Isowkad's ghost, veteran MiBe
Zot:5 exclusion: door


Innate Abilities, Weirdness & Mutations

You can spit globs of acid.
Your golden yellow scales are hard. (AC +13)
You cannot fit into any form of body armour.
You have acidic saliva.
You are cold-blooded and may be slowed by cold attacks.
You are resistant to acid. (rCorr)
Your large and strong wings let you fly indefinitely.
Your body sometimes deteriorates upon taking damage.
You are dopey. (Int -2)
Your muscles are strong. (Str +2)


Message History

The +1 pair of boots "Jialafat" {rPois MR+} unmelds from your body.
Antaeus hits you with a +5 dagger of protection!!
* * * LOW HITPOINT WARNING * * *
Antaeus freezes you! You resist.
* * * LOW HITPOINT WARNING * * *
Antaeus hits you with a +5 dagger of protection!
* * * LOW HITPOINT WARNING * * *
Antaeus freezes you! You resist.
* * * LOW HITPOINT WARNING * * *
You now have 23/258 hp.
You barely miss Antaeus. You bite Antaeus.
Antaeus is splashed with acid.
Unknown command.
Unknown command.
Unknown command.
Blink to where?
As you read the scroll of blinking, it crumbles to dust.
Your skin is crawling a little less now.
Antaeus gestures at you. The flash freeze hits you!!! You partially resist.
You die...

≈≈≈≈≈≈≈,,,,** **,,,,,,,,,,,,,≈≈≈≈
≈≈≈≈≈≈≈≈,,,,* *,,,,,........≈≈≈≈
≈≈≈≈≈≈≈≈≈,,,** ***,,,..........≈≈
≈≈≈≈≈≈≈≈≈,,,,* **,,............
≈≈≈≈≈≈≈≈≈,,,,* **,............
≈≈≈≈≈≈≈≈≈,,,,* ####**#..........
≈≈≈≈≈≈≈≈,,,,,* ##%$## *#.........
≈≈≈≈≈≈≈≈,,,*** #$.?$###*#........
≈≈≈≈≈≈≈≈,,** #@%}$Z1##**#......
≈##≈≈≈≈≈..# ##$$#§C.## #......
###≈≈≈≈≈..# *****#####1z###.#....
###≈≈≈≈≈..#**,,** #zz##..#....
###≈≈≈≈≈..#*,,,,*** ##.#..##....
###≈≈≈≈≈..#*,,,,,,***##1Y.#####..
###≈≈≈≈≈..#**,,**,,,*#zz..# ###
###≈≈≈≈≈..# ******#.1.Z..z#* #
###≈≈≈≈≈..# ##...8...#


You could see Antaeus, an Ice Fiend, a skeletal warrior and an ice dragon
skeleton.

Vanquished Creatures
  Ereshkigal (Tar:7)
  the Serpent of Hell (Coc:7)
  Mara (Snake:3)
  4 ancient liches
  2 greater mummies (Zig:15)
  The ghost of Torikoriko the Eclecticist, a veteran NaAE of Vehumet (Depths:4)
  Sojobo (Depths:4)
  Boris (thrice) (Vaults:4 Depths:1 Depths:2)
  6 shard shrikes
  Bai Suzhen (Crypt:1)
  The ghost of Ecihucs the Metallomancer, an adept GrEE of Vehumet (Vaults:2)
  Saint Roka (Depths:2)
  2 Killer Klowns (Zot:4)
  3 caustic shrikes
  A pandemonium lord (Zig:5)
  8 golden dragons
  Geryon (Hell)
  Xtahua (Crypt:2)
  5 curse toes
  Jory (Crypt:3)
  Nikola (Snake:1)
  the Enchantress (Depths:1)
  2 profane servitors
  4 bone dragons
  An electric golem (Zot:3)
  7 doom hounds
  15 Tzitzimimeh
  Rupert (D:14)
  8 Ice Fiends
  10 tentacled monstrosities
  3 Orb Guardians (Zot:5)
  Murray (Hell)
  5 titans
  8 liches
  2 deep elf master archers (Elf:3)
  2 deep elf blademasters (Elf:3)
  6 death cobs
  4 quicksilver dragons
  A tentacled starspawn (Zig:9)
  9 ancient champions
  An eldritch tentacle (Tar:5)
  Frances (D:14)
  The ghost of firegrace the Warrior, an adept MiBe of Trog (Swamp:4)
  6 tengu reavers
  2 sphinxes
  14 draconian monks
  9 storm dragons
  12 shadow dragons
  7 revenants
  3 azure jellies
  14 nagarajas (Snake:4)
  11 fire giants
  18 frost giants
  Louise (Elf:3)
  A balrug (Zig:5)
  3 iron dragons
  17 draconian knights
  3 ghost moths
  5 deep elf sorcerers
  12 vault wardens
  Aizul (Snake:4)
  7 draconian scorchers
  A juggernaut zombie (Crypt:1)
  6 draconian shifters
  2 deep elf elementalists
  14 draconian annihilators
  3 curse skulls
  16 ghouls
  5 spriggan defenders
  7 draconian stormcallers
  22 reapers
  5 elemental wellsprings
  10 very ugly things
  13 ironheart preservers
  A war gargoyle (Vaults:4)
  An entropy weaver (Vaults:2)
  19 stone giants
  16 black draconians
  A minotaur (Gauntlet)
  25 green draconians
  A juggernaut skeleton (Crypt:1)
  17 vampire knights
  2 corrupters
  2 black suns (Zig:13)
  14 yellow draconians
  6 deep elf demonologists
  15 white draconians
  18 red draconians
  2 spark wasps (Depths:2)
  2 bennus (Zig:15)
  13 purple draconians
  3 lorocyprocas
  9 deep elf annihilators
  2 eidola
  14 deep elf death magi
  Azrael (D:14)
  A green death (Depths:1)
  3 mummy priests (Zig:15)
  A crystal guardian (Vaults:4)
  6 deep elf high priests
  10 ettins
  2 pearl dragon zombies (Crypt:2)
  14 blizzard demons
  Josephine (Lair:5)
  A merfolk impaler (Vaults:2)
  22 jiangshi
  10 yaktaur captains
  13 fire dragons
  A quicksilver dragon zombie (Tar:2)
  10 great orbs of eyes
  16 ogre magi
  3 spectral golden dragons
  33 vault guards
  A kraken zombie (Coc:1)
  10 hydras
  Harold (D:7)
  10 rakshasas
  32 ice dragons
  7 spriggan air magi
  A catoblepas (Lair:5)
  27 naga warriors
  A hell beast (Zig:5)
  A ghost crab (Swamp:3)
  15 alligators
  17 death knights
  A shambling mangrove (Swamp:3)
  A spectral fire giant (Zig:13)
  An anaconda (shapeshifter) (Vaults:4)
  12 centaur warriors
  44 two-headed ogres
  7 anacondas
  10 tengu warriors
  3 hell hogs (Crypt:2)
  A death scarab (Zig:15)
  11 death yaks
  5 deep troll shamans
  7 deep troll earth magi
  16 dancing weapons
  2 orc high priests (Orc:1)
  3 titan zombies
  A thrashing horror (Zig:6)
  12 vampire magi
  6 sun demons
  13 naga sharpshooters
  2 storm dragon zombies
  3 shock serpents (Snake:4)
  9 soul eaters
  11 hell knights
  10 shadow wraiths
  12 deep elf knights
  9 spriggan berserkers
  3 salamander mystics
  6 iron trolls
  7 flayed ghosts
  22 deep trolls
  6 naga ritualists
  A golden dragon zombie (Depths:4)
  6 anaconda zombies
  8 shadow demons
  104 skeletal warriors
  2 fire crabs
  A sea snake (shapeshifter) (Vaults:5)
  3 shadow dragon zombies
  4 swamp dragons
  A swamp dragon (shapeshifter) (Zig:7)
  5 glowing orange brains
  4 death drakes
  4 unseen horrors
  2 golden dragon skeletons
  10 wizards
  3 obsidian statues
  2 ghost moth zombies
  2 orange crystal statues (Zig:4)
  3 spriggan druids
  22 phantasmal warriors
  8 deep elf archers
  3 lindwurms (Depths:5)
  A tengu zombie (Depths:4)
  4 anaconda skeletons
  A harpy (Vaults:1)
  14 ironbrand convokers
  13 necromancers
  14 orc knights
  7 ugly things
  A wolf spider zombie (Coc:1)
  53 deep elf magi
  A stone giant zombie (Tar:5)
  An orb spider (Zig:2)
  A mana viper (shapeshifter) (D:14)
  8 salamanders
  2 orc sorcerers
  A cyclops (shapeshifter) (Vaults:5)
  6 wolf spiders
  8 mana vipers
  A shining eye (Zig:4)
  7 cyclopes
  A worldbinder (Zig:9)
  A shadow dragon skeleton (Tar:2)
  3 fire giant zombies
  3 manticores
  30 black mambas
  16 moths of wrath
  3 frost giant zombies
  4 apis skeletons (Crypt:2)
  3 fire giant skeletons
  3 frost giant skeletons
  19 vault sentinels
  7 guardian serpents
  A shock serpent zombie (Tar:7)
  2 smoke demons (Zig:9)
  4 ice statues
  13 elephants
  20 naga magi
  2 stone giant skeletons
  A torpor snail (Lair:2)
  13 spiny frogs
  A gargoyle (D:14)
  4 hellions
  4 centaur skeletons
  2 molten gargoyles (Lair:6)
  2 elf zombies
  A storm dragon simulacrum (Vaults:3)
  2 emperor scorpion zombies (Tar:7)
  A dire elephant zombie (Tar:5)
  A minotaur zombie (Gauntlet)
  An alligator snapping turtle skeleton (Crypt:1)
  A kobold demonologist (D:14)
  An efreet (D:14)
  A dire elephant skeleton (Coc:2)
  A komodo dragon (shapeshifter) (Vaults:1)
  16 komodo dragons
  49 yaktaurs
  12 rime drakes
  4 tengu conjurers
  36 freezing wraiths
  13 tormentors
  A yaktaur (shapeshifter) (Depths:4)
  A catoblepas skeleton (Coc:1)
  An anaconda simulacrum (Coc:7)
  3 ancient zymes
  18 ice devils
  A sea snake zombie (Crypt:2)
  5 hellwings
  A jumping spider (shapeshifter) (D:13)
  3 silent spectres
  13 trolls
  2 meliai (D:14)
  5 hydra zombies
  3 guardian mummies (Zig:15)
  A harpy zombie (Tar:7)
  10 tyrant leeches
  A queen bee (Lair:2)
  2 wind drakes (Depths:5)
  22 hornets
  A queen bee (shapeshifter) (Vaults:3)
  13 bog bodies
  10 slime creatures
  22 blink frogs
  Prince Ribbit (D:5)
  12 hippogriffs
  2 harpy skeletons
  A fire dragon zombie (Tar:4)
  A tarantella zombie (Crypt:1)
  4 alligator zombies
  2 hydra skeletons
  A raiju (Zig:9)
  10 dream sheep
  2 blink frogs (shapeshifter)
  3 ettin zombies
  A stone giant simulacrum (Vaults:2)
  A hippogriff (shapeshifter) (Depths:2)
  2 redbacks (shapeshifter)
  104 flying skulls
  34 shadows
  6 air elementals
  8 wyverns
  A redback (Vaults:2)
  A ynoxinul (Depths:3)
  9 water elementals
  21 wraiths
  An ice dragon skeleton (Crypt:3)
  4 basilisks (Lair:6)
  2 spriggans (shapeshifter)
  2 black mamba skeletons (Tar:7)
  A hog (shapeshifter) (D:14)
  3 fire bats (Gauntlet)
  25 yaks
  8 fire elementals
  28 spriggans
  13 steam dragons
  4 hogs (D:7)
  A human (shapeshifter) (Depths:1)
  A yaktaur simulacrum (Vaults:1)
  18 humans
  5 hungry ghosts
  2 neqoxecs (Zig:9)
  23 vampire mosquitoes
  6 swamp worm simulacra (Swamp:4)
  21 swamp worms
  A harpy simulacrum (Coc:7)
  A spectral spiny frog (Crypt:3)
  A swamp worm (shapeshifter) (Depths:2)
  Edmund (D:4)
  15 insubstantial wisps
  82 nagas
  3 spiny frog zombies
  An orb spider zombie (Crypt:2)
  9 wargs
  19 hell hounds
  3 acid dragons
  A soldier ant (shapeshifter) (Vaults:1)
  12 water moccasins
  3 floating eyes
  14 hydra simulacra
  9 porcupines
  22 ice beasts
  7 large abominations
  40 orc warriors
  10 swamp drakes
  2 sky beasts
  A two-headed ogre skeleton (Crypt:2)
  11 phantoms
  A fire dragon simulacrum (Coc:7)
  A snapping turtle zombie (Coc:6)
  4 boggarts (Depths:2)
  25 necrophages
  A dream sheep zombie (Crypt:2)
  2 hornet zombies
  4 snapping turtle skeletons
  A swamp dragon skeleton (Coc:7)
  8 wolves
  26 centaurs
  56 ogres
  4 small abominations (Crypt:3)
  24 crocodiles
  9 bullfrogs
  4 earth elementals
  A wyvern zombie (Crypt:2)
  A water moccasin zombie (D:9)
  2 wyvern skeletons
  5 scorpions
  A human simulacrum (Vaults:2)
  80 killer bees
  4 electric eels
  31 wights
  3 howler monkeys
  A spriggan skeleton (Crypt:1)
  5 crimson imps
  A quasit (D:12)
  5 lava snakes (Lair:6)
  5 centaur zombies
  A bullfrog zombie (D:10)
  8 hounds
  11 starcursed masses (Zig:9)
  4 bullfrog skeletons
  8 jellies
  A gnoll shaman (D:8)
  23 orc priests
  A wyvern simulacrum (D:15)
  A demonspawn skeleton (Crypt:2)
  7 iguanas
  27 orc wizards
  6 worker ants
  7 hell rats (Lair:4)
  A killer bee zombie (D:6)
  A big kobold zombie (Ossuary)
  A hound zombie (D:7)
  2 hound skeletons
  13 mummies
  A howler monkey skeleton (D:8)
  A scorpion zombie (Crypt:1)
  15 adders
  18 gnolls
  10 shadow imps
  A swamp drake zombie (Crypt:1)
  5 white imps
  2 swamp drake simulacra (Swamp:4)
  2 adder skeletons
  An adder zombie (D:6)
  A worm (D:2)
  A dart slug (D:3)
  A leopard gecko (D:6)
  111 orcs
  5 bats
  4 giant cockroaches
  12 goblins
  6 hobgoblins
  4 jackals
  3 quokkas
  4 ball pythons
  3 frilled lizards
  3 hobgoblin zombies (Ossuary)
  8 kobolds
  4 orc zombies (Ossuary)
  A quokka skeleton (D:5)
  6 rats
  A rat skeleton (Crypt:1)
  A river rat skeleton (Crypt:2)
  A fungus (Lair:3)
3219 creatures vanquished.

Vanquished Creatures (collateral kills)
  A storm dragon (D:14)
  A meliai (D:14)
2 creatures vanquished.

Vanquished Creatures (others)
  2 tentacled monstrosities (Zot:5)
  A shadow dragon (Zot:5)
  A thorn hunter (Swamp:4)
  A draconian scorcher (Zot:5)
  A draconian knight (Zot:2)
  An elemental wellspring (Coc:7)
  A yellow draconian (Zot:4)
  3 red draconians (Zot:5)
  A blizzard demon (Coc:7)
  A deep elf death mage (Zig:11)
  A fire dragon (Vaults:2)
  An ice dragon (Coc:7)
  A shambling mangrove (Zig:3)
  2 hydras
  A skeletal warrior (Coc:7)
  A deep elf archer (Elf:1)
  An unseen horror (D:14)
  A lindwurm (Depths:5)
  A deep elf mage (Elf:1)
  A tengu conjurer (Depths:1)
  An ice devil (Coc:7)
  2 bog bodies (Coc:7)
  A human simulacrum (Vaults:2)
  A boggart (Depths:2)
  An iguana (D:14)
  A ball python (Snake:1)
  A kobold zombie (Crypt:2)
  A fungus (Lair:6)
  14 plants
  3 starspawn tentacles (Zig:9)
  4 tentacles (Coc:1)
54 creatures vanquished.

Grand Total: 3275 creatures vanquished

Notes
Turn   | Place    | Note
-------+----------+-------------------------------------------
     0 | D:1      | DEFE the Draconian Fighter began the quest for the Orb.
     0 | D:1      | Reached XP level 1. HP: 19/19 MP: 1/1
    99 | D:1      | Found a shattered altar of Ashenzari.
   168 | D:1      | Goblin1989: ты же стрик убил! :(
   177 | D:1      | Reached XP level 2. HP: 23/26 MP: 2/2
   447 | D:1      | Goblin1989: как ты мог вот так вот просто это сделать
   447 | D:1      | Goblin1989: :(
  1105 | D:2      | DEFE: lol
  1105 | D:2      | Reached XP level 3. HP: 18/31 MP: 3/3
  1403 | D:2      | Found Zin's Purification Station.
  1408 | D:2      | Found a glowing silver altar of Zin.
  1499 | D:2      | Goblin1989: а у меня кстати сейчас монстроуз!
  1505 | D:2      | Goblin1989: клавс 3 до лэйера!
  1510 | D:2      | Goblin1989: жопа то есть :(
  1525 | D:2      | DEFE: успех же
  1540 | D:2      | Reached XP level 4. HP: 35/38 MP: 4/4
  1736 | D:3      | Goblin1989: я бы предпочел чтобы они на втором уровне
                  | задержались до прохождения лэйера
  1736 | D:3      | Found an iron altar of Okawaru.
  1786 | D:3      | Became a worshipper of Warmaster Okawaru
  1786 | D:3      | Goblin1989: теперь гидр убивать нечем
  1923 | D:3      | DEFE: ye gjl,thb juytyysq vtx
  1923 | D:3      | DEFE: bkb le,bye
  1923 | D:3      | DEFE: ну подбери огненный ме
  1923 | D:3      | DEFE: ч
  1923 | D:3      | DEFE: или дубину
  1923 | D:3      | DEFE: или ванды
  2327 | D:4      | Goblin1989: нету дигдробоев никаких, а дубиной махать с 0
                  | навыком можно и умереть
  2330 | D:4      | Goblin1989: *гидробоев
  2330 | D:4      | DEFE: да норм дубины
  2330 | D:4      | DEFE: божьей помощью пользуйся
  2330 | D:4      | DEFE: кто там у тебя
  2381 | D:4      | Goblin1989: кстати, а почему ты вчерашней мумии взял
                  | дубину?
  2383 | D:4      | DEFE: потому тчо дубины топ
  2399 | D:4      | DEFE: высокий урон
  2399 | D:4      | DEFE: низкие требования навыка
  2416 | D:4      | Reached skill level 5 in Long Blades
  2423 | D:4      | Found a sand-covered staircase.
  2434 | Ossuary  | Entered an ossuary
  2461 | Ossuary  | DEFE: я бы и тут взял дубины
  2473 | Ossuary  | Reached XP level 5. HP: 41/45 MP: 5/5
  2611 | Ossuary  | DEFE: но забыл
  3179 | D:4      | Noticed Edmund
  3622 | D:4      | Reached XP level 6. HP: 10/51 MP: 6/6
  3904 | D:4      | Found a sacrificial altar of Ru.
  4011 | D:4      | Killed Edmund
  4207 | D:4      | Found Xodix's Jewellery Shop.
  4222 | D:4      | Found a staircase to the Ecumenical Temple.
  4228 | D:4      | You fall into a shaft and drop 2 floors!
  4275 | D:5      | Entered Level 5 of the Dungeon
  4311 | D:5      | Reached * piety under Okawaru
  4392 | D:5      | Your scales start taking on a golden yellow colour.
  4392 | D:5      | Reached XP level 7. HP: 56/57 MP: 7/7
  4392 | D:5      | Gained mutation: You are resistant to acid. (rCorr) [Yellow
                  | Draconian growth]
  4393 | D:5      | DEFE: !tiamat
  4393 | D:5      | beem: DEFE is not a tiamat player. Unwon draconians:
                  | Yellow, Pale, White, Red
  4458 | D:5      | Found a basalt altar of Yredelemnul.
  4984 | D:5      | Noticed Prince Ribbit
  5003 | D:5      | Killed Prince Ribbit
  5003 | D:5      | Reached ** piety under Okawaru
  5003 | D:5      | Reached skill level 1 in Invocations
  5277 | D:5      | Reached XP level 8. HP: 66/66 MP: 9/9
  6093 | D:6      | Found a bloodstained altar of Trog.
  6093 | D:6      | Found a faded altar of an unknown god.
  6098 | D:6      | Found a faded altar of an unknown god.
  6107 | D:6      | Found a stormy altar of Qazlal.
  6109 | D:6      | Found a hazy altar of Hepliaklqana.
  6158 | D:6      | Reached *** piety under Okawaru
  6261 | D:6      | Reached skill level 5 in Fighting
  6443 | D:6      | Found the +8 demon blade "Leech" {vamp, rN+ AC-3 EV-3}
  6704 | D:7      | Noticed a hippogriff
  6713 | D:7      | Killed a hippogriff
  6733 | D:7      | Reached XP level 9. HP: 50/74 MP: 12/12
  6827 | D:7      | Reached skill level 5 in Shields
  6887 | D:7      | Found a blossoming altar of Fedhas.
  6921 | D:7      | Received a gift from Okawaru
  6974 | D:7      | Noticed Harold
  7342 | D:7      | Killed Harold
  7342 | D:7      | Reached **** piety under Okawaru
  7342 | D:7      | Reached skill level 5 in Dodging
  7342 | D:7      | Reached skill level 5 in Invocations
  7549 | D:7      | Reached ***** piety under Okawaru
  7604 | D:7      | Found an iron altar of Okawaru.
  7854 | D:8      | Reached XP level 10. HP: 84/84 MP: 14/14
  7957 | D:8      | Reached skill level 10 in Long Blades
  7974 | D:8      | Found a staircase to the Lair.
  8357 | D:8      | Noticed a two-headed ogre
  8368 | D:8      | Killed a two-headed ogre
  8503 | D:8      | Found an ornate altar of the Wu Jian Council.
  9637 | D:9      | Found a glowing golden altar of the Shining One.
  9685 | D:9      | Reached XP level 11. HP: 94/94 MP: 16/16
  9810 | D:9      | Found a staircase to the Orcish Mines.
  9989 | D:10     | Entered Level 10 of the Dungeon
 10090 | D:10     | Reached ****** piety under Okawaru
 10308 | D:10     | Received a gift from Okawaru
 10438 | D:10     | Found Poiven's Gadget Shop.
 10473 | D:10     | Found a roughly hewn altar of Beogh.
 11074 | D:11     | Received a gift from Okawaru
 11332 | D:11     | Paralysed by a hornet for 2 turns
 11597 | D:11     | Found a blossoming altar of Fedhas.
 11600 | D:11     | Noticed an unseen horror
 11604 | D:11     | Killed an unseen horror
 12113 | D:12     | Noticed a brown ugly thing
 12125 | D:12     | Killed a brown ugly thing
 12288 | D:12     | Found a portal to a secret trove of treasure.
 12344 | Trove    | Entered a treasure trove
 12351 | Trove    | Got a scintillating brass amulet
 12352 | Trove    | Identified the amulet of Irhott {Harm *Drain rF+ MR+} (You
                  | found it in a treasure trove)
 12356 | Trove    | Got a scintillating wooden ring
 12358 | Trove    | Got a faintly glowing brass amulet
 12359 | Trove    | Identified the amulet "Quufyty" {Faith Slay+3} (You found
                  | it in a treasure trove)
 12362 | Trove    | Got a heavily runed silver ring
 12366 | Trove    | Got a scintillating lead amulet
 12367 | Trove    | Identified the amulet "Zulegah" {rN+ Regen+ Str-3 Slay+5}
                  | (You found it in a treasure trove)
 12369 | Trove    | Identified the ring "Biockab" {MR+ Str+3 Dex+4} (You found
                  | it in a treasure trove)
 12371 | Trove    | Identified the ring "Nees" {rCorr Str+3} (You found it in a
                  | treasure trove)
 12377 | Trove    | Got a scintillating golden ring
 12378 | Trove    | Identified the ring of Jarraxuj {Fire +Fly Str-2 Dex+5
                  | Stlth-} (You found it in a treasure trove)
 12382 | Trove    | Got a fine jade ring
 12383 | Trove    | Identified the ring "Kuudub" {Ice Int+2} (You found it in a
                  | treasure trove)
 12389 | Trove    | Got a crude iron ring
 12390 | Trove    | Identified the ring "Atoisiro" {+Fly rF+ Str+2} (You found
                  | it in a treasure trove)
 12397 | Trove    | Got a shimmering steel ring
 12399 | Trove    | Identified the ring of Kydair {+Fly rElec rC+ rN+ MR-} (You
                  | found it in a treasure trove)
 12411 | Trove    | Got a fine brass ring
 12413 | Trove    | Identified the ring of Ufraoph {Ice *Contam Int+4 Stlth+}
                  | (You found it in a treasure trove)
 12473 | Trove    | Gained mutation: Your muscles are strong. (Str +2) [potion
                  | of mutation]
 12473 | Trove    | Gained mutation: Your large and strong wings let you fly
                  | indefinitely. [potion of mutation]
 13041 | D:13     | Noticed a deep elf mage
 13052 | D:13     | Killed a deep elf mage
 13077 | D:13     | Found a gate leading to a gauntlet.
 13086 | Gauntlet | Entered a Gauntlet
 13086 | Gauntlet | Found a runed translucent door.
 13086 | Gauntlet | Found a transporter.
 13086 | Gauntlet | Found a runed translucent door.
 13086 | Gauntlet | Found a transporter.
 13087 | Gauntlet | Found a transporter.
 13088 | Gauntlet | Found a transporter.
 13089 | Gauntlet | Found a transporter.
 13091 | Gauntlet | Found a transporter.
 13093 | Gauntlet | Noticed a fire crab
 13098 | Gauntlet | Found a transporter.
 13099 | Gauntlet | Found a transporter.
 13100 | Gauntlet | Found a transporter.
 13102 | Gauntlet | Found a transporter.
 13102 | Gauntlet | Found a large runed translucent door.
 13103 | Gauntlet | Found a large runed translucent door.
 13104 | Gauntlet | Found a large runed translucent door.
 13104 | Gauntlet | Found a large runed translucent door.
 13104 | Gauntlet | Found a runed translucent door.
 13105 | Gauntlet | Found a large runed translucent door.
 13106 | Gauntlet | Found a large runed translucent door.
 13107 | Gauntlet | Found a large runed translucent door.
 13107 | Gauntlet | Found a large runed translucent door.
 13107 | Gauntlet | Noticed a reaper
 13108 | Gauntlet | Found a runed translucent gate.
 13108 | Gauntlet | Found a runed translucent gate.
 13109 | Gauntlet | Noticed a cacodemon
 13110 | Gauntlet | Found a transporter.
 13110 | Gauntlet | Found a transporter.
 13120 | Gauntlet | Found a runed translucent gate.
 13121 | Gauntlet | Found a large runed translucent door.
 13121 | Gauntlet | Found a large runed translucent door.
 13122 | Gauntlet | Found a large runed translucent door.
 13123 | Gauntlet | Found a large runed translucent door.
 13132 | Gauntlet | Found a large runed translucent door.
 13132 | Gauntlet | Found a large runed translucent door.
 13132 | Gauntlet | Found a runed translucent door.
 13133 | Gauntlet | Found a large runed translucent door.
 13134 | Gauntlet | Found a large runed translucent door.
 13275 | Gauntlet | Noticed a lindwurm
 13300 | Gauntlet | Reached XP level 12. HP: 106/106 MP: 18/18
 13417 | Gauntlet | Killed a reaper
 13417 | Gauntlet | Reached skill level 10 in Fighting
 13523 | Gauntlet | Got a slimy jade ring
 13541 | Gauntlet | Noticed a minotaur
 13557 | Gauntlet | Killed a minotaur
 13958 | Lair:1   | Entered Level 1 of the Lair of Beasts
 13973 | Lair:1   | Identified the ring of Gumnae {Ice Int+7} (You found it in
                  | a Gauntlet)
 14807 | Lair:2   | Reached skill level 10 in Shields
 15138 | Lair:2   | Reached XP level 13. HP: 116/116 MP: 16/19
 15720 | Lair:2   | Found a staircase to the Swamp.
 16339 | Lair:3   | Reached skill level 10 in Dodging
 16366 | Lair:3   | Received a gift from Okawaru
 16572 | Lair:3   | Found a staircase to the Snake Pit.
 18084 | Lair:5   | Reached skill level 10 in Invocations
 18084 | Lair:5   | Gained mutation: You have acidic saliva. [Yellow Draconian
                  | growth]
 18084 | Lair:5   | Reached XP level 14. HP: 126/126 MP: 18/21
 18555 | Lair:5   | Noticed Josephine
 18577 | Lair:5   | Killed Josephine
 18614 | Lair:5   | Received a gift from Okawaru
 18938 | Lair:6   | Entered Level 6 of the Lair of Beasts
 19205 | Lair:6   | Goblin1989: летающий!
 19205 | Lair:6   | Goblin1989: крылья же вроде намутировал где-то!
 19443 | Lair:6   | Received a gift from Okawaru
 19679 | Lair:6   | Found a large runed translucent door.
 19679 | Lair:6   | Found a large runed translucent door.
 19920 | Lair:6   | Found a staircase to the Slime Pits.
 19932 | Lair:6   | Received a gift from Okawaru
 20504 | Orc:1    | Entered Level 1 of the Orcish Mines
 20597 | Orc:1    | Found a roughly hewn altar of Beogh.
 20825 | Orc:1    | Reached XP level 15. HP: 136/136 MP: 23/23
 20873 | Orc:1    | Found Onilesuh's Food Emporium.
 21077 | Orc:2    | Entered Level 2 of the Orcish Mines
 21077 | Orc:2    | Found a staircase to the Elven Halls.
 21121 | Orc:2    | Received a gift from Okawaru
 21371 | Orc:2    | Paralysed by an ogre mage for 2 turns
 21426 | Orc:2    | Found Kydeom's Armour Boutique.
 21426 | Orc:2    | Found Coogaleax's Assorted Antiques.
 21433 | Orc:2    | Found Aleasina's Antique Weapon Emporium.
 21436 | Orc:2    | Bought a scroll labeled PAGOGUSOZA for 31 gold pieces
 21443 | Orc:2    | Found Qahoipe's General Store.
 21452 | Orc:2    | Bought a scroll of identify for 28 gold pieces
 21452 | Orc:2    | Bought 2 potions of heal wounds for 140 gold pieces
 21452 | Orc:2    | Bought a potion of brilliance for 56 gold pieces
 21502 | Orc:2    | Found a roughly hewn altar of Beogh.
 21641 | Orc:2    | Bought 2 potions of curing for 186 gold pieces
 21641 | Orc:2    | Bought a wand of acid (13) for 248 gold pieces
 21641 | Orc:2    | Bought a scroll of immolation for 108 gold pieces
 22344 | D:13     | Received a gift from Okawaru
 22615 | D:14     | Noticed Rupert
 22648 | D:14     | Found a frozen archway.
 22666 | IceCv    | Entered an ice cave
 23104 | D:14     | Noticed Frances
 23116 | D:14     | Killed Frances
 23136 | D:14     | Killed Rupert
 23446 | D:14     | Found a gate to the Vaults.
 23462 | D:14     | Reached XP level 16. HP: 126/146 MP: 22/25
 23539 | D:14     | Received a gift from Okawaru
 23669 | D:14     | Noticed a storm dragon
 23678 | D:14     | Killed a storm dragon
 24089 | D:14     | Noticed Azrael
 24101 | D:14     | Killed Azrael
 24101 | D:14     | Reached skill level 15 in Long Blades
 24330 | D:15     | Entered Level 15 of the Dungeon
 24416 | D:15     | Found a staircase to the Depths.
 25153 | Swamp:1  | Entered Level 1 of the Swamp
 25198 | Swamp:1  | Received a gift from Okawaru
 25209 | Swamp:1  | Got a slimy shield {god gift}
 25215 | Swamp:1  | Identified the +1 shield of Qaaky {rElec Int+5} (Okawaru
                  | gifted it to you on level 1 of the Swamp)
 25410 | Swamp:1  | Reached skill level 15 in Fighting
 25826 | Swamp:2  | Identified Roxanne's Disquisition on the Rocks
 25826 | Swamp:2  | Noticed Roxanne
 26076 | Swamp:2  | Found a runed translucent door.
 26079 | Swamp:2  | Identified the +6 spear of the Middle {protect, *Noise rF++
                  | Str+4 Stlth+}
 26080 | Swamp:2  | Noticed Gulofos's ghost (adept HaHu)
 27025 | Swamp:3  | Reached XP level 17. HP: 146/156 MP: 26/26
 27214 | Swamp:4  | Entered Level 4 of the Swamp
 27273 | Swamp:4  | Received a gift from Okawaru
 27405 | Swamp:4  | Found a runed translucent door.
 27405 | Swamp:4  | Noticed firegrace's ghost (adept MiBe)
 27816 | Swamp:4  | Killed firegrace's ghost
 27823 | Swamp:4  | Identified the ring "Weruh" {rC+ Int+3} (You found it on
                  | level 4 of the Swamp)
 27829 | Swamp:4  | Got a pitted lead amulet
 28580 | Swamp:4  | Got a decaying rune of Zot
 29040 | Vaults:1 | Entered Level 1 of the Vaults
 29091 | Vaults:1 | Received a gift from Okawaru
 29464 | Vaults:1 | Reached skill level 15 in Shields
 29759 | Vaults:1 | Received a gift from Okawaru
 29786 | Vaults:1 | Identified the amulet "Kaen Yfu" {Spirit rN++ Int+8 Slay-3}
                  | (You found it on level 4 of the Swamp)
 30115 | Vaults:1 | Reached XP level 18. HP: 168/168 MP: 27/27
 30161 | Vaults:1 | Received a gift from Okawaru
 30558 | Vaults:2 | Found Geipyig's Gadget Boutique.
 30588 | Vaults:2 | Found the +10 large shield of Ignorance {rN+ Int-4}
 30989 | Vaults:2 | Found Fuices's Antique Armour Emporium.
 31315 | Vaults:2 | Found a runed translucent gate.
 31315 | Vaults:2 | Found a runed translucent gate.
 31315 | Vaults:2 | Found a runed translucent gate.
 31331 | Vaults:2 | Noticed Ecihucs's ghost (adept GrEE)
 31335 | Vaults:2 | Found an iron altar of Okawaru.
 31754 | Vaults:2 | Found Guxzouh's Gadget Shop.
 31882 | Vaults:3 | Received a gift from Okawaru
 31886 | Vaults:3 | Goblin1989: Этот дракон коррозию накладывает каждой атакой?
 31922 | Vaults:3 | Found Vudauxt's Assorted Antiques.
 31923 | Vaults:3 | DEFE: не каждой
 31923 | Vaults:3 | DEFE: но иногда
 31929 | Vaults:3 | Bought a leatherbound book for 510 gold pieces
 32060 | Vaults:3 | Goblin1989: а как шанс расчитывается? по колличеству атак
                  | или как, не в курсе?
 32294 | Vaults:3 | Goblin1989: просто если по колличеству атак, то хочется
                  | попробовать его с кс
 32354 | Vaults:3 | Found a staircase to the Crypt.
 32445 | Vaults:3 | Found Keilag's Antique Armour Shop.
 32447 | Vaults:3 | Found Odilephu's Magic Scroll Shoppe.
 32451 | Vaults:3 | Bought a pair of embroidered boots for 315 gold pieces
 32459 | Vaults:3 | Goblin1989: типа дракон-асассин
 32490 | Vaults:3 | Goblin1989: *с кб
 32490 | Vaults:3 | Bought a scroll of teleportation for 57 gold pieces
 32490 | Vaults:3 | Bought a scroll of magic mapping for 66 gold pieces
 32490 | Vaults:3 | Bought a scroll of enchant armour for 142 gold pieces
 32490 | Vaults:3 | Bought a scroll of identify for 38 gold pieces
 32490 | Vaults:3 | Bought 2 scrolls of magic mapping for 133 gold pieces
 32490 | Vaults:3 | Bought a scroll of identify for 38 gold pieces
 32490 | Vaults:3 | Bought a scroll of identify for 38 gold pieces
 32490 | Vaults:3 | Bought a scroll of teleportation for 57 gold pieces
 32490 | Vaults:3 | DEFE: lol
 32509 | Vaults:3 | Found Ruth's General Store.
 32514 | Vaults:3 | Bought a scroll of teleportation for 69 gold pieces
 32541 | Vaults:3 | Found Idodankoz's Weapon Shop.
 32782 | Vaults:3 | You are sucked into a shaft and drop 1 floor!
 32818 | Vaults:4 | Received a gift from Okawaru
 32872 | Vaults:4 | Noticed Boris
 32888 | Vaults:4 | Killed Boris
 32888 | Vaults:4 | Reached skill level 15 in Dodging
 32952 | Vaults:4 | Found Ypreax's Jewellery Shop.
 32999 | Vaults:4 | Found Cufo's Antique Weapon Shop.
 33046 | Vaults:4 | Reached XP level 19. HP: 177/177 MP: 28/28
 33059 | Vaults:4 | Goblin1989: потом к тсо уйдешь?
 33148 | Vaults:4 | Found Qank's Jewellery Shop.
 33174 | Vaults:4 | Reached skill level 1 in Spellcasting
 33200 | Vaults:4 | Goblin1989: а спеллкастинг зачем тебе нужен? о_О
 33200 | Vaults:4 | DEFE: вряд ли
 33200 | Vaults:4 | DEFE: не знаю
 33231 | Vaults:4 | HP: 4/177 [ghoul[a death knight] (26)]
 33685 | Vaults:4 | Reached skill level 5 in Spellcasting
 34011 | Vaults:4 | Received a gift from Okawaru
 34065 | Vaults:4 | HP: 6/177 [battlesphere[a tengu reaver] (19)]
 34083 | Vaults:4 | HP: 2/177 [tengu reaver/+3 halberd (33)]
 34425 | Vaults:4 | Found Cucaxt's Armour Emporium.
 34474 | Vaults:4 | Found Kaxte's Assorted Antiques.
 34492 | Vaults:4 | Bought a graven book for 600 gold pieces
 34492 | Vaults:4 | Bought a glowing metal-bound book for 600 gold pieces
 34499 | Vaults:4 | Learned a level 6 spell: Statue Form
 34986 | Snake:1  | Entered Level 1 of the Snake Pit
 35022 | Snake:1  | Reached skill level 1 in Earth Magic
 35116 | Snake:1  | Reached skill level 1 in Transmutations
 35212 | Snake:1  | Noticed Nikola
 35227 | Snake:1  | Killed Nikola
 35625 | Snake:1  | Received a gift from Okawaru
 35628 | Snake:1  | Got an ichor-stained hat {god gift}
 35629 | Snake:1  | Identified the +1 hat "Ylarod" {rC+} (Okawaru gifted it to
                  | you on level 1 of the Snake Pit)
 36206 | Snake:2  | Found a white marble altar of Elyvilon.
 36468 | Snake:2  | Found Qaoschuig's Weapon Shop.
 36468 | Snake:2  | Found Zig Exa's General Store.
 36469 | Snake:2  | Found Suikovat's Antique Weapon Shop.
 36471 | Snake:2  | Found Witaneiz's Antique Weapon Boutique.
 36491 | Snake:2  | Bought a potion of heal wounds for 80 gold pieces
 37085 | Snake:3  | Found Remnaitz's Gadget Shoppe.
 37233 | Snake:3  | Found Olloonas's Assorted Antiques.
 37275 | Snake:3  | Reached skill level 5 in Transmutations
 37275 | Snake:3  | Reached skill level 5 in Earth Magic
 37424 | Snake:3  | Reached XP level 20. HP: 184/184 MP: 33/33
 37617 | Snake:3  | Found Rizietad's Antique Weapon Emporium.
 37749 | Snake:4  | Entered Level 4 of the Snake Pit
 37778 | Snake:4  | Found Vevviqam's Antique Armour Emporium.
 37799 | Snake:4  | Bought an embroidered scarf for 224 gold pieces
 37837 | Snake:4  | Noticed Aizul
 37943 | Snake:4  | Identified a scroll of acquirement
 37967 | Snake:4  | Noticed Mara
 37978 | Snake:4  | Noticed DEFE's illusion
 38471 | Elf:1    | Entered Level 1 of the Elven Halls
 38579 | Elf:1    | Found Suduf's Antique Weapon Boutique.
 39033 | Elf:1    | Received a gift from Okawaru
 39362 | Elf:2    | Reached skill level 10 in Spellcasting
 39413 | Elf:2    | Found a runed translucent gate.
 39413 | Elf:2    | Found a runed translucent gate.
 39413 | Elf:2    | Found a runed translucent gate.
 39776 | Elf:3    | Entered Level 3 of the Elven Halls
 40193 | Elf:3    | Received a gift from Okawaru
 40203 | Elf:3    | Identified the +0 hat "Delanala" {rF+ Stlth+} (Okawaru
                  | gifted it to you on level 3 of the Elven Halls)
 40386 | Elf:3    | Got a translucent bone ring
 40387 | Elf:3    | Identified the ring of Freedom {MR+ Dex+4} (You found it on
                  | level 3 of the Elven Halls)
 40428 | Elf:3    | Identified Ikkeen's Compendium of the Ashen Escort
 40442 | Elf:3    | Identified the Papyrus of Assistive Fire
 40453 | Elf:3    | Got a smoking copper ring
 40454 | Elf:3    | Identified the ring "Wydogiq" {rF- Dex+5 SInv Stlth-} (You
                  | found it on level 3 of the Elven Halls)
 40528 | Elf:3    | Noticed Louise
 40543 | Elf:3    | Killed Louise
 40615 | Elf:3    | Found Etostri's Antique Weapon Shoppe.
 40930 | Depths:1 | Entered Level 1 of the Depths
 40977 | Depths:1 | Noticed Boris
 41000 | Depths:1 | Killed Boris
 41070 | Depths:1 | Found the +8 Wrath of Trog {antimagic, *Rage}
 41073 | Depths:1 | Reached skill level 10 in Earth Magic
 41092 | Depths:1 | Reached skill level 10 in Transmutations
 41181 | Depths:1 | Reached XP level 21. HP: 192/192 MP: 35/35
 41247 | Depths:1 | Found a gateway to Hell.
 41251 | Depths:1 | Found Wum Ymnu's Demolitions Depot.
 41308 | Depths:1 | Noticed the Enchantress
 41323 | Depths:1 | Killed the Enchantress
 41346 | Depths:1 | Found Anaics's Jewellery Emporium.
 41350 | Depths:1 | Found Faoqough's Gadget Shop.
 41351 | Depths:1 | Found Moschufuf's Jewellery Emporium.
 41357 | Depths:1 | Goblin1989: j[
 41357 | Depths:1 | Goblin1989: ох
 41357 | Depths:1 | Goblin1989: это кольцо
 41357 | Depths:1 | DEFE: неплохо
 41357 | Depths:1 | DEFE: но не уверен, что нужно
 41359 | Depths:1 | Goblin1989: 654, мр +++
 41361 | Depths:1 | Goblin1989: и этот амулет...
 41361 | Depths:1 | DEFE: лол
 41361 | Depths:1 | DEFE: жаль спирит
 41443 | Depths:1 | DEFE: у меня лучше есть
 41471 | Depths:1 | Found Vaguep's Jewellery Shoppe.
 41476 | Depths:1 | Goblin1989: так воину мана нинужна
 41476 | Depths:1 | Goblin1989: прикольна
 41476 | Depths:1 | Goblin1989: жаль ты не октопод гозага
 41476 | Depths:1 | DEFE: так а вот этот тема
 41476 | Depths:1 | Bought the ring "Wueps" {rC++ rN+ MR+} for 1127 gold pieces
 41479 | Depths:1 | DEFE: и осталось рФ и си инв
 41626 | Depths:1 | Found Wuinov's Food Shoppe.
 41641 | Depths:1 | Found a gateway to a bazaar.
 41650 | Depths:1 | DEFE: лол
 41650 | Depths:1 | DEFE: еще и базар
 41650 | Depths:1 | DEFE: магазиновв этой игре навалом
 41712 | Depths:1 | Goblin1989: в базар сходишь когда деньги появятся
 41765 | Depths:2 | Found a burning altar of Makhleb.
 41962 | Depths:2 | Noticed Boris
 41977 | Depths:2 | Killed Boris
 42093 | Depths:2 | Received a gift from Okawaru
 42098 | Depths:2 | Got a translucent golden ring
 42099 | Depths:2 | Identified the ring "Runoogy" {*Tele Int+6 Dex-2 Stlth+}
                  | (You found it on level 2 of the Depths)
 42438 | Depths:2 | Identified the ring "Zuyn" {+Inv rF- Int+5 Slay+3 Stlth+}
 43177 | Depths:2 | Identified the ring "Josoiqul" {rElec rPois Str+3 Slay+2}
 43180 | Depths:2 | Noticed Saint Roka
 43213 | Depths:2 | Killed Saint Roka
 43586 | Depths:2 | DEFE: ??statue
 43586 | Depths:2 | beem: statue[1/3]: Dangerous statues are {obsidian statue},
                  | {orange crystal statue}, {ice statue}, and {Roxanne}. There
                  | are also some dangerous vault-defined statues. Others are
                  | just decoration, but generally indicate something of mild
                  | or more interest. Reperesented by an 8, as golems are,
                  | except statues don't move.
 43586 | Depths:2 | DEFE: ??statue form
 43586 | Depths:2 | beem: statue form[1/2]: Grants 17 + pow/10 AC, +30% HP.
                  | Makes you take 50% more time to take any action, like the
                  | slow spell. Melds gloves, boots, bardings, and body armour.
                  | Provides rElec, rN+, 50% rTorm, rRot+, and poison immunity.
                  | 12 + unarmed_skill base unarmed damage and 50% bonus on all
                  | melee. Gargoyles can't cast this spell.
 43602 | Depths:2 | Noticed a caustic shrike
 43611 | Depths:2 | Killed a caustic shrike
 43611 | Depths:2 | Received a gift from Okawaru
 43614 | Depths:2 | Identified the +1 pair of boots "Jialafat" {rPois MR+}
                  | (Okawaru gifted it to you on level 2 of the Depths)
 43850 | Depths:2 | Found a one-way gate to the infinite horrors of the Abyss.
 43993 | Depths:2 | Found an iron altar of Okawaru.
 44363 | Depths:3 | Reached XP level 22. HP: 200/200 MP: 32/36
 44365 | Depths:3 | Found a gateway to a ziggurat.
 44546 | Depths:3 | Found a one-way gate leading to the halls of Pandemonium.
 44979 | Depths:4 | Received a gift from Okawaru
 45227 | Depths:4 | Noticed a caustic shrike
 45237 | Depths:4 | Killed a caustic shrike
 45324 | Depths:4 | Identified the ring of Ysynira {MR+ MP+9 Stlth+} (You found
                  | it on level 4 of the Depths)
 45324 | Depths:4 | Noticed a golden dragon
 45325 | Depths:4 | Noticed a caustic shrike
 45339 | Depths:4 | Killed a caustic shrike
 45393 | Depths:4 | Received a gift from Okawaru
 45436 | Depths:4 | Identified the +0 hat of Kleptomania {rElec rPois MR-
                  | Str+3} (Okawaru gifted it to you on level 4 of the Depths)
 45815 | Depths:4 | Reached skill level 1 in Unarmed Combat
 45915 | Depths:4 | Reached skill level 15 in Transmutations
 45915 | Depths:4 | Reached skill level 15 in Earth Magic
 46096 | Depths:4 | Identified the Handbook of Quantum Attacks
 46160 | Depths:4 | Killed a golden dragon
 46179 | Depths:4 | Noticed Sojobo
 46511 | Depths:4 | Killed Sojobo
 46570 | Depths:4 | Found a runed translucent gate.
 46570 | Depths:4 | Found a runed translucent gate.
 46570 | Depths:4 | Found a runed translucent gate.
 46570 | Depths:4 | Found an opulent altar of Gozag.
 46570 | Depths:4 | Noticed Torikoriko's ghost (veteran NaAE)
 46774 | Depths:5 | Entered Level 5 of the Depths
 47186 | Depths:5 | Found a corrupted altar of Lugonu.
 47370 | Depths:5 | Reached XP level 23. HP: 206/206 MP: 31/37
 47379 | Depths:5 | Reached skill level 5 in Unarmed Combat
 47421 | Depths:5 | Received a gift from Okawaru
 47479 | Depths:5 | Identified the +3 battleaxe of Linearity {chop, *Drain
                  | Fragile rC+ Int+4 Dex+4}
 47576 | Depths:5 | Found a gate to the Realm of Zot.
 47971 | Vaults:5 | Entered Level 5 of the Vaults
 48002 | Vaults:5 | Received a gift from Okawaru
 48072 | Vaults:5 | Noticed an ancient lich
 48079 | Vaults:5 | Killed an ancient lich
 48079 | Vaults:5 | Received a gift from Okawaru
 48082 | Vaults:5 | Identified the +2 hat "Datug" {Slay+2} (Okawaru gifted it
                  | to you on level 5 of the Vaults)
 48268 | Vaults:5 | Noticed an ancient lich
 48276 | Vaults:5 | Killed an ancient lich
 48515 | Vaults:5 | Got a silver rune of Zot
 48762 | Vaults:5 | Received a gift from Okawaru
 48922 | Vaults:5 | Reached XP level 24. HP: 214/214 MP: 37/37
 49087 | Vaults:5 | Reached skill level 10 in Unarmed Combat
 50027 | Crypt:1  | Entered Level 1 of the Crypt
 50240 | Crypt:1  | Noticed Bai Suzhen
 50253 | Crypt:1  | Killed Bai Suzhen
 51094 | Crypt:2  | Received a gift from Okawaru
 51099 | Crypt:2  | Identified the +2 pair of gloves "Roleuseqa" {*Drain rF++
                  | Regen+ rCorr} (Okawaru gifted it to you on level 2 of the
                  | Crypt)
 51682 | Crypt:2  | Found a basalt altar of Yredelemnul.
 51757 | Crypt:2  | Noticed Xtahua
 51765 | Crypt:2  | Killed Xtahua
 51925 | Crypt:3  | Entered Level 3 of the Crypt
 52025 | Crypt:3  | Found an ancient bone altar of Kikubaaqudgha.
 52065 | Crypt:3  | Reached skill level 15 in Unarmed Combat
 52208 | Crypt:3  | Reached XP level 25. HP: 222/222 MP: 33/37
 52242 | Crypt:3  | Received a gift from Okawaru
 52548 | Crypt:3  | Noticed Jory
 52552 | Crypt:3  | Found a staircase to the Tomb.
 52556 | Crypt:3  | Killed Jory
 52599 | Crypt:3  | Identified Kikubaaqudgha's Almanac of Evil
 53233 | Vaults:2 | Killed Ecihucs's ghost
 53544 | Depths:4 | Killed Torikoriko's ghost
 53832 | Bazaar   | Entered a bazaar
 53832 | Bazaar   | Found Siris's Gadget Shop.
 53842 | Bazaar   | Found Uthreav's Gadget Emporium.
 53860 | Bazaar   | Found Qimpygal's Antique Weapon Boutique.
 53870 | Bazaar   | Found Woesk's Magic Scroll Shoppe.
 53880 | Bazaar   | Found Tosicly's Gadget Shoppe.
 53900 | Bazaar   | Bought a scroll of acquirement for 728 gold pieces
 53900 | Bazaar   | Bought a scroll of brand weapon for 280 gold pieces
 53900 | Bazaar   | Bought a scroll of teleportation for 42 gold pieces
 53904 | Bazaar   | Got a faintly humming shield
 53905 | Bazaar   | Identified the +3 shield of Tender Moments {Int+3} (You
                  | acquired it in a bazaar)
 53938 | Bazaar   | Bought a wand of iceblast (14) for 216 gold pieces
 53938 | Bazaar   | Bought a wand of acid (10) for 336 gold pieces
 53949 | Bazaar   | Bought a wand of iceblast (11) for 180 gold pieces
 53949 | Bazaar   | Bought a wand of iceblast (10) for 168 gold pieces
 53982 | Bazaar   | Bought a wand of iceblast (12) for 208 gold pieces
 53982 | Bazaar   | Bought a wand of iceblast (9) for 169 gold pieces
 53982 | Bazaar   | Bought a wand of iceblast (10) for 182 gold pieces
 54814 | Depths:5 | DEFE: ??Ignorance
 54814 | Depths:5 | beem: large shield of ignorance[1/1]: A +10 large shield
                  | with rN+ and Int-4 that may recurse itself when equipped
                  | (one chance in 3).
 54814 | Depths:5 | DEFE: ??large shield
 54814 | Depths:5 | beem: large shield[1/1]: A big {shield}. SH 13, EV -5.
 55399 | Snake:4  | Killed Aizul
 55408 | Snake:4  | Received a gift from Okawaru
 55409 | Snake:4  | Found the +3 hat of Pondering {ponderous, MR+ MP+10 Int+5}
 55632 | Snake:4  | Noticed DEFE's illusion
 55646 | Snake:4  | Found Ytyumme's Armour Shoppe.
 55841 | Snake:3  | Noticed DEFE's illusion
 55860 | Snake:3  | Killed Mara
 56067 | Snake:4  | Got a serpentine rune of Zot
 56205 | Snake:4  | Found Risoq's Weapon Shop.
 56225 | Snake:4  | Found Cumpol's Weapon Emporium.
 57098 | Zot:1    | Entered Level 1 of the Realm of Zot
 57219 | Zot:1    | Reached XP level 26. HP: 208/229 MP: 33/37
 57621 | Zot:1    | Received a gift from Okawaru
 57663 | Zot:1    | Identified the -4 shield "Gudin" {rC+ Str+2 Int-4 Stlth+}
                  | (Okawaru gifted it to you on level 1 of the Realm of Zot)
 59191 | Zot:3    | Received a gift from Okawaru
 59984 | Zot:4    | Found a runed translucent gate.
 60036 | Zot:4    | Reached XP level 27. HP: 238/238 MP: 37/37
 60131 | Zot:4    | Received a gift from Okawaru
 60177 | Zot:4    | Received a gift from Okawaru
 60521 | Zot:4    | Found a runed translucent gate.
 60522 | Zot:4    | Found a runed translucent gate.
 60525 | Zot:4    | Noticed Isowkad's ghost (veteran MiBe)
 60735 | Zot:5    | Entered Level 5 of the Realm of Zot
 60991 | Zot:5    | Noticed an orb of fire
 62288 | Hell     | Entered the Vestibule of Hell
 62288 | Hell     | Noticed Murray
 62288 | Hell     | Noticed Geryon
 62293 | Hell     | Killed Murray
 62644 | Hell     | Killed Geryon
 62929 | Hell     | Found a gateway to the ashen valley of Gehenna.
 63049 | Hell     | Found a gateway to the freezing wastes of Cocytus.
 63118 | Hell     | Found a gateway to the Iron City of Dis.
 63219 | Hell     | Found a gateway to the decaying netherworld of Tartarus.
 63262 | Tar:1    | Entered Level 1 of Tartarus
 63498 | Tar:1    | Learned a level 3 spell: Regeneration
 63566 | Tar:2    | Received a gift from Okawaru
 63859 | Zig:1    | Entered Level 1 of a ziggurat
 63879 | Zig:2    | Entered Level 2 of a ziggurat
 63885 | Zig:2    | Reached skill level 1 in Necromancy
 63901 | Zig:2    | Reached skill level 1 in Charms
 63941 | Zig:3    | Entered Level 3 of a ziggurat
 63969 | Zig:4    | Entered Level 4 of a ziggurat
 63982 | Zig:4    | Gained mutation: You are dopey. (Int -2) [a shining eye]
 64022 | Zig:5    | Entered Level 5 of a ziggurat
 64027 | Zig:5    | Found the ring of Shadows {Umbra +Inv Stlth+}
 64027 | Zig:5    | Noticed Raonahih the pandemonium lord
 64050 | Zig:5    | Killed Raonahih the pandemonium lord
 64156 | Zig:6    | Entered Level 6 of a ziggurat
 64168 | Zig:6    | Received a gift from Okawaru
 64210 | Zig:7    | Entered Level 7 of a ziggurat
 64227 | Zig:7    | Reached skill level 5 in Necromancy
 64262 | Zig:8    | Entered Level 8 of a ziggurat
 64312 | Zig:8    | Reached skill level 5 in Charms
 64346 | Zig:9    | Entered Level 9 of a ziggurat
 64356 | Zig:9    | Gained mutation: Your body sometimes deteriorates upon
                  | taking damage. [a neqoxec]
 64365 | Zig:9    | Paralysed by accursed screaming for 2 turns
 64656 | Zig:9    | Identified Jyifeusm's Volume of the Birds and Execration
 64664 | Zig:10   | Entered Level 10 of a ziggurat
 64722 | Zig:10   | Identified the ring of Ikiskom {rF- rC+ MR+++ Str+4 Dex+3}
                  | (You found it on level 10 of a ziggurat)
 64779 | Zig:11   | Entered Level 11 of a ziggurat
 64900 | Zig:11   | Identified the Collected Works on Aid and the Mountains
 64914 | Zig:11   | Identified the ring of Fanaticism {AC+1 Slay+6} (You found
                  | it on level 11 of a ziggurat)
 64917 | Zig:11   | Identified Diopsaec's Tome of Contamination
 64931 | Zig:12   | Entered Level 12 of a ziggurat
 64940 | Zig:12   | Noticed an ancient lich
 64948 | Zig:12   | Killed an ancient lich
 64951 | Zig:12   | Received a gift from Okawaru
 65104 | Zig:12   | Identified the ring of Dorir {*Slow rN+ MP+9 Int+4} (You
                  | found it on level 12 of a ziggurat)
 65164 | Zig:13   | Entered Level 13 of a ziggurat
 65169 | Zig:13   | Goblin1989: !lg thenamelessone
 65169 | Zig:13   | beem: 3118. TheNamelessOne the Eclecticist (L14 FoEE of
                  | Cheibriados), slain by a seven-headed hydra on Lair:5 on
                  | 2019-08-29 10:35:12, with 40335 points after 15260 turns
                  | and 0:43:53.
 65169 | Zig:13   | Goblin1989: !lg thenamelessone -2
 65169 | Zig:13   | beem: 3117/3118. TheNamelessOne the Shield-Bearer (L6
                  | FoFi), blasted by an orc priest (nerve-wracking pain) on
                  | D:4 on 2019-08-29 09:48:13, with 310 points after 2608
                  | turns and 0:02:53.
 65170 | Zig:13   | TheNamelessOne: что ищем?
 65170 | Zig:13   | Goblin1989: !lg . fo--
 65170 | Zig:13   | beem: 13. Goblin1989 the Cleaver (L12 FoBe of Trog), slain
                  | by a seven-headed hydra on Lair:1 on 2018-07-25 05:00:24,
                  | with 15182 points after 13317 turns and 0:48:41.
 65170 | Zig:13   | Goblin1989: просто смотрел чем ты играл недавно
 65171 | Zig:13   | DEFE: чет лагает
 65171 | Zig:13   | Goblin1989: винрейты же уже скоро месяц как не обновляются,
                  | вот у бима и спрашивал
 65174 | Zig:13   | TheNamelessOne: !lg . recent
 65174 | Zig:13   | beem: 1487. TheNamelessOne the Eclecticist (L14 FoEE of
                  | Cheibriados), slain by a seven-headed hydra on Lair:5 on
                  | 2019-08-29 10:35:12, with 40335 points after 15260 turns
                  | and 0:43:53.
 65174 | Zig:13   | Goblin1989: !lg . fo-- -2
 65174 | Zig:13   | beem: 12/13. Goblin1989 the Basher (L9 FoFi of Gozag),
                  | demolished by an orc warrior (a +0 hand axe) in Bailey
                  | (bailey_axe_bossmonster_kennysheep) on 2018-04-10 06:33:18,
                  | with 2545 points after 6750 turns and 0:17:04.
 65174 | Zig:13   | TheNamelessOne: !lg . recent s=char
 65174 | Zig:13   | beem: 1487 games for TheNamelessOne (recent): 107x OpEE,
                  | 73x OpAs, 71x VpEE, 69x OpWn, 66x OpFi, 56x OpIE, 48x OpWr,
                  | 41x FoFi, 40x OpHu, 39x OpMo, 37x OpAE, 36x OpFE, 36x DsFi,
                  | 35x TeAE, 31x HaFi, 29x OpSk, 26x OpAK, 26x OpTm, 25x OpGl,
                  | 24x DsAK, 18x FoAK, 18x OgMo, 18x GrFi, 16x OpWz, 16x MiHu,
                  | 15x OgTm, 15x DsFE, 14x KoCj, 14x KoFi, 14x OpEn, 12x FoSk,
                  | 12x OpAr, 12x KoTm, 12x DDFi, 12x HOFi, 12x GhVM...
 65174 | Zig:13   | Goblin1989: !lg . recent s=char
 65174 | Zig:13   | beem: 357 games for Goblin1989 (recent): 31x DsCK, 31x
                  | DsTm, 29x OpAs, 20x DDFi, 12x GnGl, 12x GrFi, 8x DsSu, 8x
                  | DsCj, 7x DsAM, 7x DsWr, 7x DsFi, 7x DsHu, 7x DsVM, 6x DsEE,
                  | 6x DsAr, 6x DsAE, 6x NaBe, 6x DsWz, 6x DsEn, 5x GnFi, 5x
                  | DsFE, 5x DsIE, 5x DsAs, 5x DsAK, 4x OpFE, 4x HOMo, 4x VpAs,
                  | 4x DsBe, 3x DsWn, 3x GnSu, 3x DsSk, 3x DsGl, 3x DrFi, 3x
                  | SpAs, 3x GnCK, 3x GnAs, 3x GnEn, 3x GnHu, 3x DEFE, 2x
                  | DsMo...
 65176 | Zig:13   | Goblin1989: !lg . s=char
 65176 | Zig:13   | beem: 3028 games for Goblin1989: 388x DsMo, 137x DsGl, 135x
                  | DsTm, 111x VSMo, 93x GrGl, 93x DsCK, 88x DsAs, 75x DsWn,
                  | 73x SpAs, 67x DsFi, 61x VSAs, 58x DsFE, 51x GrFi, 50x OpTm,
                  | 49x HuEn, 48x BaFi, 43x DsAr, 40x SpGl, 39x GnFi, 39x DsAK,
                  | 37x HOGl, 35x DDFi, 35x DEFE, 31x OpAs, 29x DsEn, 28x DsWz,
                  | 28x DsHu, 27x FeCK, 26x KoGl, 26x DsSk, 25x SpEn, 25x CeHu,
                  | 25x DsBe, 25x DrTm, 23x VSBe, 23x TrHu, 22x KoEE...
 65176 | Zig:13   | Goblin1989: !lg TheNamelessOne s=char
 65176 | Zig:13   | beem: 3118 games for TheNamelessOne: 243x OpTm, 192x OpEE,
                  | 174x DsFE, 126x DsCK, 99x OpWn, 95x VpEE, 73x OpAs, 72x
                  | DrEE, 69x OpFi, 69x DsCj, 68x TeAE, 68x OpIE, 61x DsFi, 60x
                  | HuAK, 55x HaFi, 48x FoFi, 48x OpWr, 41x OpMo, 40x OpHu, 40x
                  | HOFi, 37x OpAE, 37x OpFE, 36x OgMo, 36x GhFi, 32x TeCj, 29x
                  | OpSk, 27x DDFi, 26x OpAK, 26x OgGl, 26x VpGl, 25x DsAK, 25x
                  | OpGl, 24x MfTm, 24x HuFi, 22x TrMo, 21x GhMo, 21x ...
 65176 | Zig:13   | Goblin1989: обалдеть, я почти 400 игры монком сделал пока
                  | им выиграл
 65178 | Zig:13   | Goblin1989: но там по-моему около 100 дропов
 65190 | Zig:13   | Goblin1989: пытался демонспавном с когтями выиграть
 65208 | Zig:13   | Goblin1989: в итоге выиграл с шортбэйдами
 65355 | Zig:13   | TheNamelessOne: !lg goblin1989 mo
 65355 | Zig:13   | beem: 566. Goblin1989 the Chopper (L4 HOMo), slain by
                  | Grinder on D:3 on 2019-08-28 10:53:05, with 93 points after
                  | 2710 turns and 0:04:20.
 65355 | Zig:13   | DEFE: лол
 65357 | Zig:14   | Entered Level 14 of a ziggurat
 65371 | Zig:14   | TheNamelessOne: !lg goblin1989 mo -100
 65372 | Zig:14   | beem: 467/566. Goblin1989 the Insei (L6 DsMo), succumbed to
                  | Alipheese's ghost's poison in Ossuary (ossuary_tomb_1) on
                  | 2017-05-15 09:08:50, with 427 points after 3249 turns and
                  | 0:10:33.
 65414 | Zig:14   | TheNamelessOne: !lg goblin1989 mo won
 65418 | Zig:14   | beem: 3. Goblin1989 the Hoplite (L27 DsMo of Gozag),
                  | escaped with the Orb and 3 runes on 2018-02-16 03:17:53,
                  | with 1760984 points after 67857 turns and 4:33:30.
 65460 | Zig:14   | Received a gift from Okawaru
 65510 | Zig:14   | Goblin1989: единственный мой демонспавн с аугментацией\
 65516 | Zig:14   | Goblin1989: ^_^
 65524 | Zig:15   | Entered Level 15 of a ziggurat
 65532 | Zig:15   | Goblin1989: !lg . s=char ds--
 65532 | Zig:15   | beem: 1362 games for Goblin1989 (ds--): 388x DsMo, 137x
                  | DsGl, 135x DsTm, 93x DsCK, 88x DsAs, 75x DsWn, 67x DsFi,
                  | 58x DsFE, 43x DsAr, 39x DsAK, 29x DsEn, 28x DsWz, 28x DsHu,
                  | 26x DsSk, 25x DsBe, 20x DsNe, 20x DsWr, 13x DsCj, 11x DsVM,
                  | 9x DsAM, 9x DsSu, 9x DsIE, 6x DsAE, 6x DsEE
 65564 | Zig:15   | Noticed a greater mummy
 65577 | Zig:15   | Goblin1989: !lg . s=char ds-- won
 65578 | Zig:15   | Noticed a greater mummy
 65578 | Zig:15   | beem: 15 games for Goblin1989 (ds-- won): 2x DsAr, DsWr,
                  | DsAM, DsAK, DsAs, DsBe, DsEn, DsFE, DsFi, DsGl, DsHu, DsMo,
                  | DsSk, DsWn
 65578 | Zig:15   | Noticed a greater mummy
 65580 | Zig:15   | Reached skill level 10 in Necromancy
 65583 | Zig:15   | Noticed a greater mummy
 65589 | Zig:15   | Killed a greater mummy
 65609 | Zig:15   | Goblin1989: лан, я отключатьсяне буду, но мне работать пора
 65624 | Zig:15   | Killed a greater mummy
 65633 | Zig:15   | TheNamelessOne: !greatrace ds goblin1989
 65640 | Zig:15   | beem: Unwon demonspawns for goblin1989: DsAE, DsCj, DsCK,
                  | DsEE, DsIE, DsNe, DsSu, DsTm, DsVM, DsWz
 65807 | Depths:3 | Goblin1989: почти одни только маги остались
 65809 | Depths:3 | TheNamelessOne: кроме ск ничего слоожного
 65812 | Depths:3 | Goblin1989: а магов я терпать не могу, ими играть долго,
                  | кнопочек много нажимать нужно
 65812 | Depths:3 | TheNamelessOne: и то ск сложно только потому что дс в
                  | ближнем на старте слаб
 65812 | Depths:3 | DEFE: с шортами или когтями норм
 65936 | Tar:1    | TheNamelessOne: до когтей ещё доживи
 66432 | Tar:5    | Reached skill level 10 in Charms
 66607 | Tar:7    | Entered Level 7 of Tartarus
 66610 | Tar:7    | Noticed an ancient lich
 66620 | Tar:7    | Killed an ancient lich
 66620 | Tar:7    | Received a gift from Okawaru
 66694 | Tar:7    | Identified the +0 pair of gloves "Ymuis" {rElec rF- Str+2}
                  | (Okawaru gifted it to you on level 7 of Tartarus)
 66918 | Tar:7    | DEFE: а длол
 66918 | Tar:7    | DEFE: это седьмой этаж
 67087 | Tar:7    | Noticed Ereshkigal
 67110 | Tar:7    | Killed Ereshkigal
 67134 | Tar:7    | Got a bone rune of Zot
 67313 | Coc:1    | Entered Level 1 of Cocytus
 67363 | Coc:1    | Received a gift from Okawaru
 67383 | Coc:1    | You are sucked into a shaft and drop 1 floor!
 67593 | Coc:7    | Entered Level 7 of Cocytus
 67753 | Coc:7    | Received a gift from Okawaru
 67881 | Coc:7    | Noticed the Serpent of Hell
 67893 | Coc:7    | Killed the Serpent of Hell
 68004 | Coc:7    | Received a gift from Okawaru
 68205 | Coc:7    | Noticed Antaeus
 68219 | Coc:7    | Killed from afar by Antaeus

Levels and vault maps discovered:
D:1:      moated_graveyard_arrival, layout_basic, minmay_misc_feat_doors,
          chequers_avenue, evilmike_ruin_ashenzari
D:2:      cheibrodos_helix_gallery, layout_rooms, zin_purify, minmay_ruptured
D:3:      layout_loops_ring, first_ration, okawaru_trees_1
D:4:      layout_loops_ring, nicolae_ru_great_annihilating_truth,
          minmay_temple_entry_drinking_statues, serial_shops,
          kennysheep_little_box, chequers_ossuary_entry_cave, uniq_edmund
D:5:      layout_layer_cave, yredelemnul_altar_generic, dk_rats_in_the_wall,
          uniq_prince_ribbit1
D:6:      layout_loops_ring, chequers_temple_overflow_minitemple
D:7:      layout_cave_pools, kennysheep_mini, nicolae_overflow_crystal_walls,
          glass_columns_a, grunt_livestock, chequers_big_river, uniq_harold
D:8:      layout_layer_cave, kennysheep_mini_moat, minmay_lair_entry_grove
D:9:      layout_stronghold, nicolae_overflow_hidden_temple, orc_0_dummy
D:10:     layout_basic, special_room [special_room_orc], serial_shops, shop
D:11:     layout_roguey, fedhas_bush_and_centaur_altar
D:12:     layout_gridville, nicolae_trove_entry_crystal
D:13:     layout_cave_pods, gauntlet_entry_generic
D:14:     cheibrodos_leafed_vault, layout_loops_ring, grunt_vaults_entry_tiered,
          portal_ice_cave_demonic_guard, minmay_misc_feat_rugged, uniq_rupert,
          uniq_frances, uniq_azrael
D:15:     hangedman_depths_entry_civil_slaughter, layout_rooms,
          minmay_checkerbox
Lair:1:   layout_roguey, serial_bayou_shore_b
Lair:2:   regret_index_tunnel_blossom, layout_long_grid,
          nicolae_swamp_entry_splash_gauntlet, bobbens_dragon_lair_wall
Lair:3:   wad_woods_minihive, layout_regular_city,
          minmay_snake_entry_guardpost_medium
Lair:4:   layout_gridlike, grunt_megastairs_4
Lair:5:   layout_cave_pods, serial_bayou_shore_b, uniq_josephine
Lair:6:   cheibrodos_lair_end_hotspot, layout_cave_pods,
          minmay_slime_entry_pillars, st_stairs_12, serial_bayou_pond_e
Swamp:1:  layout_basic_swamp, serial_swamp_ruin, evilmike_swamp_ruin_house_3,
          hangedman_swamp_ruin_wall, infiniplex_staircase_pool
Swamp:2:  layout_basic_swamp, ebering_ghost_funeral_grove,
          evilmike_swamp_ruin_house_1, swamp_pool2, uniq_roxanne
Swamp:3:  layout_falls_marsh, evilmike_swamp_ruin_wall, swamp_pool4
Swamp:4:  swamp_icy, layout_basic_swamp, ebering_ghost_reflecting_pool
Snake:1:  layout_grid_maze, minmay_snake_pond, uniq_nikola
Snake:2:  layout_grid_maze, basic_altar, minmay_shoptagon, grunt_megastairs_2
Snake:3:  layout_cave_town, serial_shops, nicolae_shop_trees,
          nicolae_shop_statue_plus, shop
Snake:4:  grunt_snake_rune_spirals, layout_onion, serial_shops, shop, shop,
          shop_fountains, shop_fountains, uniq_aizul, uniq_mara
Orc:1:    layout_diamond_mine, basic_altar, serial_shops, shop,
          guppyfry_orc_lava_fort
Orc:2:    st_orc_open, layout_caves, basic_altar
Elf:1:    layout_rooms, serial_shops, nicolae_shop_overgrown_old_shop,
          hangedman_elven_crosses_minicolossus
Elf:2:    layout_geoelf_diagonals, feat_on_display
Elf:3:    elf_hall, layout_geoelf_grid, serial_shops, shop, uniq_louise
Vaults:1: v_misc_4, nicolae_vaults_network_star, v_misc_22,
          ontoclasm_vaults_ring_square, nicolae_vaults_shelves_hall,
          nicolae_vaults_gold_heap, dpeg_vaults_monster_box,
          nicolae_vaults_little_squares_4, nicolae_vaults_little_squares_6,
          layout_vaults_omnigrid
Vaults:2: gammafunk_vaults_ghost_fury_of_okawaru,
          nicolae_vaults_yaktaur_gun_rack, nicolae_vaults_display_case,
          hangedman_vaults_maws, hangedman_vaults_capsules,
          vaults_room_large_hall, ontoclasm_vaults_chip, ontoclasm_vaults_eye,
          v_alt_pattern_2, ontoclasm_vaults_shuriken, vaults_mumra_chevron_long,
          layout_vaults_maze, serial_shops, nicolae_shop_stone,
          nicolae_shop_window_shopping, nicolae_shop_crystal
Vaults:3: blue_anna_dwarven_crypt, nicolae_vaults_ring_of_whatevers,
          vaults_dpeg_diagonal, vaults_mumra_hex, ontoclasm_vaults_fault,
          ontoclasm_vaults_shout, ontoclasm_vaults_tryst, nicolae_vaults_theta,
          vaults_room_pool, vaults_dpeg_ring, grunt_vaults_twisty,
          layout_vaults_big_room, serial_shops, nicolae_shop_trees,
          nicolae_shop_stone, shop_statue, nicolae_shop_window_shopping,
          nicolae_shop_stone
Vaults:4: v_misc_10, vaults_standard_mumra_x, vaults_room_hallway, v_misc_26,
          ontoclasm_vaults_loading_screen, v_misc_29, hangedman_vaults_unwind,
          vaults_mumra_lcd, vaults_dpeg_hooks, vaults_dpeg_encased_lava,
          ontoclasm_vaults_gateway, st_more_cells, layout_vaults_big_cross,
          serial_shops, nicolae_shop_behind_doors, shop_fountains,
          nicolae_shop_waterfront, nicolae_shop_temple_entry_statues_fountains,
          shop, uniq_boris
Vaults:5
Crypt:1:  layout_chaotic_city, serial_sigils_hangedman_snap, st_small_mortuary,
          grunt_crypt_arrival_split, uniq_bai_suzhen
Crypt:2:  layout_basic, hangedman_blasphemy, uniq_xtahua
Crypt:3:  grunt_crypt_end_deaths_head
Depths:1: layout_basic, hell_entry, serial_shops, statue_bzr, shop, shop,
          glass_columns_b, nicolae_blasting_shop,
          minmay_guarded_unrand_wrath_of_trog, minmay_shop_grove,
          uniq_enchantress
Depths:2: hangedman_spin_cycle, hell_entry, abyss_entry
Depths:3: grunt_twist_and_shout, layout_cave_shapes, enter_ziggurat_b,
          hangedman_decor_clover_reticule, hell_entry, rand_demon_pan_entry_8,
          hangedman_abyss_or_decor_lesser_grid, kennysheep_generic_room_14
Depths:4: minmay_complete_graph, layout_gridville, abyss_entry,
          pf_vacation_house_of_asmodeus, ebering_ghost_gozag,
          serial_bayou_shore_b, infiniplex_staircase_door_maze, uniq_sojobo
Depths:5: lemuel_castle_with_subvaults [lemuel_castle_interior_carwin_3],
          layout_cave_pools, hell_entry, abyss_entry_flame_altar, pan_entry
Hell
Coc:1:    layout_cocytus_water_paths
Coc:2:    layout_cocytus_water_paths
Coc:3:    layout_ice_bergs
Coc:4:    layout_ice_bergs
Coc:5:    layout_cocytus_water_paths
Coc:6:    layout_ice_bergs
Coc:7:    coc_grunt_cove [coc_grunt_cove_antaeus, coc_grunt_cove_fiend,
          coc_grunt_cove_fiend, coc_grunt_cove_fiend, coc_grunt_cove_fiend]
Tar:1:    layout_catacombs, nicolae_tar_cuneiform_not
Tar:2:    layout_grid_maze
Tar:3:    layout_grid_maze, lemuel_nasty_fountain
Tar:4:    layout_grid_maze
Tar:5:    layout_cathedral_of_symmetry, nicolae_tar_cuneiform_bread
Tar:6:    layout_honeycomb, lemuel_elevator
Tar:7:    tar_old
Zot:1:    layout_concentric_octagons
Zot:2:    layout_misc_corridors
Zot:3:    layout_onion_interference, st_stairs_4, drop_trap
Zot:4:    grunt_zot_stairs_faceoff, layout_misc_corridors,
          ebering_ghost_rock_garden
Zot:5:    layout_basic, drop_trap, hangedman_zot_decor_slant, nrook_zot_tub

Skill      XL: |  1  2  3  4  5  6  7  8  9 10 11 12 13 14 15 16 17 18 19 20 21 22 23 24 25 26 27 |
---------------+----------------------------------------------------------------------------------+-----
Long Blades    | 3 4 5 6 7 8 9 10 11 12 13 14 15 16 17 | 17.3
Dodging        | 3 4 5 6 8 9 10 11 12 13 14 15 20 | 20.1
Invocations    | 2 4 5 7 8 10 11 12 | 12.0
Fighting       | 4 5 6 8 9 11 12 13 14 15 16 17 23 | 23.1
Shields        | 4 6 7 9 10 11 12 13 14 15 16 | 16.2
Spellcasting   | 9 10 | 10.0
Earth Magic    | 5 10 13 15 17 | 17.7
Transmutations | 5 10 13 15 17 | 17.7
Unarmed Combat | 4 9 15 20 23 | 23.1
Necromancy     | 13 | 13.9
Charms         | 12 | 12.9

Action                   |  1- 3 |  4- 6 |  7- 9 | 10-12 | 13-15 | 16-18 | 19-21 | 22-24 | 25-27 || total
-------------------------+-------+-------+-------+-------+-------+-------+-------+-------+-------++-------
Melee: Long sword        |    86 |   174 |   162 |       |       |       |       |       |       ||   422
       Tailslap          |    12 |    19 |    47 |   128 |   282 |   384 |   423 |   362 |   533 ||  2190
       Falchion          |       |       |    26 |       |       |       |       |       |       ||    26
       Demon blade       |       |       |   110 |   677 |  1151 |  1393 |  1745 |  1569 |  1108 ||  7753
       Bite              |       |       |       |       |   117 |   288 |   337 |   299 |   415 ||  1456
       Mace              |       |       |       |       |    17 |       |       |       |       ||    17
       Scimitar          |       |       |       |       |       |    28 |       |       |       ||    28
       Unarmed           |       |       |       |       |       |       |       |       |  1690 ||  1690
       Punch             |       |       |       |       |       |       |       |       |   138 ||   138
Throw: Dart              |       |       |     6 |       |       |     1 |     1 |     1 |     2 ||    11
 Cast: Statue Form       |       |       |       |       |       |       |     2 |    69 |   123 ||   194
       Regeneration      |       |       |       |       |       |       |       |       |    33 ||    33
Invok: Heroism           |       |       |     6 |     9 |    21 |    19 |    17 |     1 |    15 ||    88
       Finesse           |       |       |       |       |     1 |     5 |     9 |     3 |    21 ||    39
 Abil: Breathe Acid      |       |       |       |       |     1 |       |     1 |       |       ||     2
       Fly               |       |       |       |       |       |     1 |       |       |       ||     1
Evoke: Wand              |       |       |     6 |     1 |     3 |     1 |    11 |    14 |       ||    36
       Phial of floods   |       |       |       |       |       |     2 |     1 |       |       ||     3
  Use: Scroll            |     4 |     6 |     2 |     7 |    10 |    10 |    14 |    12 |    30 ||    95
       Potion            |       |     3 |       |    11 |       |     5 |     9 |     1 |    14 ||    43
 Stab: Sleeping          |     2 |     1 |       |     6 |     8 |     9 |     6 |       |     3 ||    35
       Paralysed         |       |     1 |       |       |       |       |       |       |       ||     1
       Distracted        |       |       |       |     1 |     1 |     1 |       |       |     1 ||     4
       Confused          |       |       |       |       |       |     1 |     2 |     5 |     4 ||    12
  Eat: Chunk             |     1 |     5 |     9 |    15 |    15 |    19 |     1 |    13 |     7 ||    85
       Ration            |       |     2 |       |     3 |     4 |     4 |    11 |    14 |    34 ||    72
Armor: Skin              |    15 |    46 |    57 |    90 |   126 |   117 |   168 |   652 |  1480 ||  2751
Dodge: Dodged            |    43 |    58 |    90 |   222 |   481 |   624 |   659 |   822 |  2684 ||  5683
Block: Shield            |    47 |    78 |   128 |   348 |   689 |   842 |   912 |  1238 |  1844 ||  6126
       Rpst.: Long sword |    12 |    22 |    13 |       |       |       |       |       |       ||    47
       Falchion          |       |       |     4 |       |       |       |       |       |       ||     4
       Demon blade       |       |       |     8 |    71 |   100 |   106 |   119 |   156 |   130 ||   690
       Scimitar          |       |       |       |       |       |     4 |       |       |       ||     4

Table legend:
 A = Non-vault XP
 B = Vault XP
 C = Vault XP percentage of total XP
 D = Non-vault monster count
 E = Vault monster count
 F = Vault count percentage of total count
                 A         B        C        D         E       F
            +---------+---------+-------+---------+---------+-------
      Total | 1263873 |  932765 |  42.5 |    2015 |    1217 |  37.7
            +---------+---------+-------+---------+---------+-------
        D:1 |      25 |       0 |   0.0 |      16 |       0 |   0.0
        D:2 |      63 |      20 |  24.1 |      14 |       5 |  26.3
        D:3 |      38 |       0 |   0.0 |      14 |       0 |   0.0
        D:4 |      99 |     172 |  63.5 |       4 |       5 |  55.6
        D:5 |     641 |     268 |  29.5 |      18 |       1 |   5.3
        D:6 |     814 |       0 |   0.0 |      31 |       0 |   0.0
        D:7 |    1226 |    1947 |  61.4 |      18 |       6 |  25.0
        D:8 |    2477 |    1882 |  43.2 |      35 |      12 |  25.5
        D:9 |    1185 |       0 |   0.0 |      14 |       0 |   0.0
       D:10 |    1771 |     603 |  25.4 |      22 |      20 |  47.6
       D:11 |    2722 |     110 |   3.9 |      26 |       1 |   3.7
       D:12 |    3760 |       0 |   0.0 |      34 |       0 |   0.0
       D:13 |    8997 |       0 |   0.0 |      49 |       0 |   0.0
       D:14 |    6693 |   28639 |  81.1 |      24 |      59 |  71.1
       D:15 |    5419 |    6706 |  55.3 |      20 |      10 |  33.3
     Lair:1 |    2832 |       0 |   0.0 |      15 |       0 |   0.0
     Lair:2 |    4333 |   11018 |  71.8 |      17 |      70 |  80.5
     Lair:3 |    5417 |    6715 |  55.3 |      10 |      65 |  86.7
     Lair:4 |    4138 |    1209 |  22.6 |      18 |      11 |  37.9
     Lair:5 |   10412 |    2126 |  17.0 |      20 |       6 |  23.1
     Lair:6 |   13814 |    7716 |  35.8 |      40 |      31 |  43.7
    Swamp:1 |   12759 |       0 |   0.0 |      32 |       0 |   0.0
    Swamp:2 |    5451 |       0 |   0.0 |      14 |       0 |   0.0
    Swamp:3 |   15930 |       0 |   0.0 |      45 |       0 |   0.0
    Swamp:4 |   17247 |   11076 |  39.1 |      44 |      30 |  40.5
    Snake:1 |   14444 |    4179 |  22.4 |      32 |       5 |  13.5
    Snake:2 |   15989 |    4249 |  21.0 |      31 |       8 |  20.5
    Snake:3 |   16893 |    9369 |  35.7 |      34 |       5 |  12.8
    Snake:4 |   10953 |   60933 |  84.8 |      24 |      90 |  78.9
      Orc:1 |    1215 |    4414 |  78.4 |      20 |      18 |  47.4
      Orc:2 |    4011 |   15656 |  79.6 |      47 |      37 |  44.0
      Elf:1 |   18506 |   11142 |  37.6 |      35 |      16 |  31.4
      Elf:2 |   12823 |    1826 |  12.5 |      21 |       2 |   8.7
      Elf:3 |   10143 |   34222 |  77.1 |      18 |      25 |  58.1
   Vaults:1 |   39897 |   12839 |  24.3 |      67 |      20 |  23.0
   Vaults:2 |   19110 |   30702 |  61.6 |      37 |      29 |  43.9
   Vaults:3 |   11657 |   14710 |  55.8 |      31 |      20 |  39.2
   Vaults:4 |   32741 |   38813 |  54.2 |      46 |      31 |  40.3
   Vaults:5 |   30229 |  107816 |  78.1 |      42 |      73 |  63.5
    Crypt:1 |   40970 |    7033 |  14.7 |      57 |       4 |   6.6
    Crypt:2 |   26174 |   15341 |  37.0 |      35 |      12 |  25.5
    Crypt:3 |     789 |   79066 |  99.0 |       1 |     115 |  99.1
   Depths:1 |   26398 |   22325 |  45.8 |      27 |      19 |  41.3
   Depths:2 |    5969 |   71747 |  92.3 |       1 |      87 |  98.9
   Depths:3 |   29220 |   13617 |  31.8 |      36 |      12 |  25.0
   Depths:4 |   36399 |   60734 |  62.5 |      37 |      34 |  47.9
   Depths:5 |   13049 |   46773 |  78.2 |      16 |      42 |  72.4
       Hell |   22246 |   21501 |  49.1 |      27 |      32 |  54.2
      Coc:1 |   13528 |       0 |   0.0 |      18 |       0 |   0.0
      Coc:2 |    4371 |       0 |   0.0 |       7 |       0 |   0.0
      Coc:3 |    6037 |       0 |   0.0 |      11 |       0 |   0.0
      Coc:5 |   12954 |       0 |   0.0 |      22 |       0 |   0.0
      Coc:6 |    1788 |       0 |   0.0 |       6 |       0 |   0.0
      Coc:7 |   57207 |   60361 |  51.3 |      66 |      50 |  43.1
      Tar:1 |   22137 |       0 |   0.0 |      39 |       0 |   0.0
      Tar:2 |   30349 |       0 |   0.0 |      31 |       0 |   0.0
      Tar:3 |    8597 |       0 |   0.0 |      16 |       0 |   0.0
      Tar:4 |   12788 |       0 |   0.0 |      30 |       0 |   0.0
      Tar:5 |   13857 |       0 |   0.0 |      25 |       0 |   0.0
      Tar:6 |   22701 |       0 |   0.0 |      32 |       0 |   0.0
      Tar:7 |   47661 |   51721 |  52.0 |      80 |      26 |  24.5
      Zot:1 |   47357 |       0 |   0.0 |      31 |       0 |   0.0
      Zot:2 |   54463 |       0 |   0.0 |      29 |       0 |   0.0
      Zot:3 |   45654 |    3782 |   7.7 |      25 |       2 |   7.4
      Zot:4 |   60726 |   25497 |  29.6 |      40 |      14 |  25.9
      Zot:5 |   26835 |    8326 |  23.7 |      12 |       3 |  20.0
      Zig:1 |     735 |       0 |   0.0 |       1 |       0 |   0.0
      Zig:2 |    1539 |       0 |   0.0 |       3 |       0 |   0.0
      Zig:3 |    2597 |       0 |   0.0 |       6 |       0 |   0.0
      Zig:4 |    3129 |    2578 |  45.2 |       4 |       4 |  50.0
      Zig:5 |    9847 |       0 |   0.0 |       5 |       0 |   0.0
      Zig:6 |    7305 |       0 |   0.0 |       9 |       0 |   0.0
      Zig:7 |   10705 |       0 |   0.0 |      10 |       0 |   0.0
      Zig:8 |   13404 |       0 |   0.0 |       9 |       0 |   0.0
      Zig:9 |    9715 |       0 |   0.0 |      28 |       0 |   0.0
     Zig:10 |   15771 |       0 |   0.0 |      13 |       0 |   0.0
     Zig:11 |   19461 |       0 |   0.0 |      16 |       0 |   0.0
     Zig:12 |   35302 |       0 |   0.0 |      16 |       0 |   0.0
     Zig:13 |   27911 |       0 |   0.0 |      17 |       0 |   0.0
     Zig:14 |   28022 |       0 |   0.0 |      21 |       0 |   0.0
     Zig:15 |   21332 |       0 |   0.0 |      21 |       0 |   0.0
    Ossuary |       0 |     176 | 100.0 |       0 |      16 | 100.0
      IceCv |       0 |    5294 | 100.0 |       0 |      20 | 100.0
   Gauntlet |       0 |    5816 | 100.0 |       0 |      14 | 100.0
            +---------+---------+-------+---------+---------+-------
